 Dungeon Crawl Stone Soup version 0.31-a0-233-g139696dc86 (webtiles) character file.

Game seed: 13849611081276981225

394089 qw the Slayer (level 23, -7/184 HPs)
             Began as a Gargoyle Hexslinger on July 8, 2023.
             Was a High Priest of Okawaru.
             Killed by the air
             ... invoked by a spriggan air mage
              (9 damage)
             ... on level 4 of the Depths.
             The game lasted 00:24:39 (41558 turns).

qw the Slayer (Gargoyle Hexslinger)                Turns: 41558, Time: 00:24:40

Health: -7/184     AC: 40    Str: 10      XL:     23   Next: 16%
Magic:  33/33      EV: 37    Int: 19      God:    Okawaru [*****.]
Gold:   2329       SH:  0    Dex: 25 (26) Spells: 23/24 levels left

rFire   + + .        B - +5 triple crossbow (heavy)
rCold   + . .        (shield currently unavailable)
rNeg    + + .        l - +0 troll leather armour
rPois   inf          o - +2 helmet {Int+3}
rElec   +            y - +2 cloak of the Thief {*Fog Slay-2 SInv Stlth+}
rCorr   .            A - +1 pair of gloves of Demons {rElec rN+ Regen+}
SInv    +            v - +3 pair of mountain boots {steadfast, rC+}
Will    +....        s - amulet of Dishonesty {Faith Contam +Inv rF++ Int+3}
Stlth   +++++        t - +6 ring of dexterity
HPRegen 2.10/turn    f - ring of Felag {rElec EV+5 Str-4 Slay+2 Stlth+}
MPRegen 0.23/turn

%: faith
@: about to teleport, heroic, flying
A: sickness immunity, AC +17, big wings, negative energy resistance 1,
electricity resistance, torment resistance 1, petrification resistance,
deterioration 1, dopey 1, high MP 1, robust 1
}: 2/15 runes: serpentine, barnacled
a: Renounce Religion, Evoke Invisibility, Heroism, Finesse, Duel


You were on level 4 of the Depths.
You worshipped Okawaru.
Okawaru was extremely pleased with you.
You visited 7 branches of the dungeon, and saw 38 of its levels.
You visited the Abyss 2 times.
You also visited: Sewer and Gauntlet.

You collected 4023 gold pieces.
You spent 1694 gold pieces at shops.


Innate Abilities, Weirdness & Mutations

You are immune to sickness and miasma.
Your stone body is resilient. (AC +17)
You are immune to poison.
Your large and strong wings let you fly.
You resist negative energy. (rN+)
You are resistant to electric shocks. (rElec)
You are resistant to unholy torment.
You are immune to petrification.
Your body sometimes deteriorates upon taking damage.
You are dopey. (Int -2)
You have an increased reservoir of magic. (+10% MP)
You are robust. (+10% HP)


   Skills:
 + Level 24.6(27) Fighting
 - Level 22.0(27) Ranged Weapons
 - Level 15.0(20.0) Armour
 - Level 18.0(23.0) Dodging
 - Level 1.0 Spellcasting
 - Level 2.6 Hexes
 - Level 10.0 Invocations


You had 23 spell levels left.
You knew the following spells:

 Your Spells              Type           Power      Damage    Failure   Level
a - Slow                  Hex            44%        N/A       8%          1

Your spell library contained the following spells:

 Spells                   Type           Power      Damage    Failure   Level
 Inner Flame              Hex/Fire       6%         N/A       36%         3
 Portal Projectile        Hex/Tloc       12%        N/A       36%         3
 Cause Fear               Hex            5%         N/A       58%         4

Inventory:

Hand Weapons
 B - a +5 heavy triple crossbow (weapon)
Armour
 k - a +1 cloak
 l - a +0 troll leather armour (worn)
 o - a +2 helmet of intelligence (worn)
 u - a +2 robe of resistance
 v - the +3 pair of mountain boots (worn) {steadfast, rC+}
   (You found it in a Gauntlet)

   Steadfast: It prevents involuntary movement, except for blinking,
   teleportation, or banishment.
   rC:        It protects you from cold.
 y - the +2 cloak of the Thief (worn) {*Fog Slay-2 SInv Stlth+}
   (You bought it in a shop on level 2 of the Orcish Mines)

   *Fog:      It may release a thick cloud of smoke when the wearer is hurt.
   Slay:      It affects your accuracy & damage with ranged weapons and melee
   (-2).
   SInv:      It lets you see invisible.
   Stlth:     It makes you more stealthy.
 z - a +2 ring mail of fire resistance
 A - the +1 pair of gloves of Demons (worn) {rElec rN+ Regen+}
   (You took it off Nikola on level 4 of the Shoals)

   rElec:     It insulates you from electricity.
   rN:        It protects you from negative energy.
   Regen:     It increases your rate of health regeneration.
Jewellery
 f - the ring of Felag (right hand) {rElec EV+5 Str-4 Slay+2 Stlth+}
   (You took it off a deep elf high priest on level 4 of the Vaults)

   [ring of evasion]

   EV:        It affects your evasion (+5).
   Str:       It affects your strength (-4).
   Slay:      It affects your accuracy & damage with ranged weapons and melee
   (+2).
   rElec:     It insulates you from electricity.
   Stlth:     It makes you more stealthy.
 j - an amulet of reflection
 m - a ring of protection from fire
 s - the amulet of Dishonesty (around neck) {Faith Contam +Inv rF++ Int+3}
   (You found it on level 4 of the Shoals)

   [amulet of faith]

   It allows you to gain divine favour quickly.
   Int:       It affects your intelligence (+3).
   rF:        It greatly protects you from fire.
   +Inv:      It lets you turn invisible.
   Contam:    It causes magical contamination when unequipped.
 t - a +6 ring of dexterity (left hand)
 C - the amulet of Ifuheeth {rF- rC+ Will+ Regen+}
   (You found it on level 4 of the Vaults)

   [amulet of regeneration]

   rF:        It makes you vulnerable to fire.
   rC:        It protects you from cold.
   Regen:     It increases your rate of health regeneration.
   Will:      It increases your willpower.
Wands
 r - a wand of digging (8)
Scrolls
 a - 10 scrolls of teleportation
 b - 26 scrolls of identify
 w - 2 scrolls of brand weapon
 x - a scroll of enchant armour
Potions
 c - 5 potions of magic
 d - 4 potions of mutation
 e - 17 potions of curing
 g - a potion of cancellation
 h - 5 potions of haste
 i - a potion of might
 n - 2 potions of resistance
 p - 2 potions of heal wounds
 q - 9 potions of enlightenment

Dungeon Overview and Level Annotations

Branches:
Dungeon (15/15)            Temple (0/1) D:7            Lair (5/5) D:8
 Shoals (4/4) Lair:2        Snake (4/4) Lair:3        Slime (0/5) Lair:4
    Orc (2/2) D:11            Elf (0/3) Orc:2        Vaults (4/5) D:14
  Crypt (0/3) Vaults:3     Depths (4/4) D:15          Sewer (visited)
Gauntlet (visited)
    Zot: Depths:4

Altars:
Cheibriados
Dithmenos
Kikubaaqudgha
Makhleb
Okawaru
Qazlal
Ru
Sif Muna
Trog
Wu Jian
Xom
Yredelemnul
Jiyva

Shops:
D:1 !(((=   Orc:2 [:??   Snake:3 (   Snake:4 (   Vaults:1 (   Vaults:4 :

Portals:
Hell: Depths:1 Depths:2 Depths:3
Abyss: Depths:2 Depths:3
Pandemonium: Orc:2 Depths:2
Ziggurat: Depths:1
Trove: D:11 (give +2 shadow dragon scales)

Annotations:
D:11 1 runed translucent door
D:14 2 transporters, qw's ghost, journeyman MiHs
Depths:1 exclusions: 3 daevas and glowing orange brain


Message History

The spriggan berserker hits you but does no damage.
The spriggan berserker barely misses you.
The spriggan air mage completely misses you.
The polar bear completely misses you. x2
The polar bear claws you but does no damage.
The spriggan berserker misses you.
The spriggan berserker completely misses you.
The spriggan air mage waves its arms in wide circles.
The air twists around and strikes you!!
With a swish of your cloak, you release a cloud of fog.
You shoot a bolt.
The bolt closely misses the spriggan air mage.
The polar bear misses you. x2; The polar bear completely misses you.
The spriggan berserker hits you with a +0 war axe!!
With a swish of your cloak, you release a cloud of fog.
The storm dragon completely misses you. The storm dragon closely misses you.
The storm dragon tramples you but does no damage.
The spriggan berserker misses you.
The polar bear bites you but does no damage.
The polar bear completely misses you. x2
The spriggan berserker hits you with a +0 war axe!!
With a swish of your cloak, you release a cloud of fog.
The storm dragon bites you but does no damage.
The storm dragon claws you but does no damage.
The storm dragon completely misses you.
The spriggan air mage completely misses you.
The spriggan berserker completely misses you.
The polar bear barely misses you. The polar bear completely misses you.
The polar bear claws you but does no damage.
You hear a deafening roar!
41558 ||| READING 11 scrolls of teleportation.
As you read the scroll of teleportation, it crumbles to dust.
You feel strangely unstable.
The spriggan berserker closely misses you.
The spriggan berserker hits you with a +0 war axe!
The storm dragon completely misses you. x3
The polar bear completely misses you. x3
The spriggan air mage waves its arms in wide circles.
The air twists around and strikes you!
You die...

..#.........#..
...............
#......Q.......
#..).........#.
#...¤..........
#....¤¤¤¤¤..$..
#....¤iih¤.....
#....¤D@i¤.....
#....¤¤¤¤¤.....
#....¤¤¤¤¤.....
#..............
#.#............
#.##...........
#..............
#....<.........
#....%%........


You could see a storm dragon, 2 spriggan berserkers, a spriggan air mage (repels
missiles) and a polar bear (summoned, berserk).

Vanquished Creatures
  Margery (Vaults:4)
  Saint Roka (Vaults:3)
  Frederick (Vaults:4)
  Nikola (Shoals:4)
  2 golden dragons (Depths:2)
  A bone dragon (Abyss:3)
  A hellephant (Abyss:3)
  2 liches
  Zenata (Vaults:4)
  2 titans
  Frances (D:13)
  A tentacled starspawn (Abyss:3)
  6 sphinxes
  4 tengu reavers
  Donald (Vaults:3)
  Roxanne (D:15)
  21 nagarajas
  2 frost giants (Depths:2)
  An iron dragon (Depths:3)
  10 fire giants
  16 vault wardens
  17 ironbound preservers
  An orc warlord (Orc:2)
  A war gargoyle (Vaults:3)
  A spriggan defender (Depths:2)
  16 very ugly things
  12 stone giants
  5 ironbound thunderhulks
  A vampire knight (Depths:2)
  3 formless jellyfish
  A minotaur (Gauntlet)
  5 dire elephants
  A white draconian (Abyss:3)
  6 merfolk impalers (Shoals:4)
  7 merfolk javelineers
  5 fire dragons
  A deep elf death mage (Vaults:2)
  8 ettins
  2 deep elf high priests (Vaults:4)
  4 entropy weavers
  2 rakshasas
  Josephine (D:15)
  An entropy weaver (shapeshifter) (Abyss:3)
  6 yaktaur captains
  7 great orbs of eyes
  15 vault guards
  Erolcha (D:13)
  Harold (D:9)
  3 salamander tyrants
  4 catoblepae
  4 ice dragons
  3 spriggan air magi
  7 ironbound frosthearts
  Fannar (Lair:1)
  A merfolk aquamancer (Shoals:4)
  6 hydras
  8 anacondas
  A death knight (D:15)
  2 merfolk avatars
  11 centaur warriors
  2 satyrs
  8 boulder beetles
  2 demonspawn (Orc:2)
  7 two-headed ogres
  A demonic crawler (Abyss:3)
  2 alligator snapping turtles
  19 naga warriors
  12 death yaks
  7 tengu warriors
  8 orc high priests
  8 thrashing horrors
  10 deep troll shamans
  8 deep troll earth magi
  19 naga sharpshooters
  5 shock serpents
  3 spriggan berserkers
  7 spriggans
  6 hell knights (Vaults:4)
  8 large abominations
  4 wretched stars
  2 deep elf knights
  4 skysharks
  5 skeletal warriors (D:15)
  12 iron trolls
  3 glowing orange brains (Vaults:4)
  A sea snake (shapeshifter) (Vaults:2)
  45 deep trolls
  A shadow dragon zombie (Vaults:4)
  4 salamander mystics
  7 sea snakes
  16 lindwurms
  Pikel (D:8)
  A flayed ghost (Depths:2)
  11 wizards
  7 naga ritualists
  2 phantasmal warriors
  2 deep elf pyromancers
  5 necromancers
  10 harpies
  15 ironbound convokers
  6 orc knights
  22 ugly things
  3 deep elf zephyrmancers
  11 manticores
  A shining eye (Gauntlet)
  20 salamanders
  A shining eye (shapeshifter) (Vaults:3)
  10 mana vipers
  8 orc sorcerers
  2 tengu skeletons
  A will-o-the-wisp (Abyss:3)
  5 fauns
  3 worldbinders
  6 cyclopes
  A frost giant zombie (Vaults:4)
  18 elephants
  2 molten gargoyles (Gauntlet)
  43 black mambas
  2 human skeletons
  19 naga magi
  An eye of devastation (shapeshifter) (Vaults:3)
  8 water nymphs
  12 vault sentinels
  An orange demon (Abyss:3)
  A torpor snail (Lair:2)
  6 merfolk sirens
  8 guardian serpents
  An apocalypse crab (Abyss:3)
  2 gargoyles
  A smoke demon (Orc:2)
  8 cane toads
  An unseen horror (Depths:3)
  7 komodo dragons
  Psyche (D:8)
  A yaktaur zombie (Vaults:2)
  An ice devil (Orc:2)
  21 yaktaurs
  2 freezing wraiths
  A kobold demonologist (D:10)
  3 tengu conjurers (Depths:2)
  4 ancient zymes
  2 efreet (D:14)
  A yaktaur skeleton (Vaults:4)
  A red devil (Abyss:3)
  11 rime drakes
  10 wind drakes
  A polar bear (Lair:3)
  3 meliai (D:12)
  14 merfolk
  7 hornets
  11 trolls
  11 raiju (Abyss:3)
  13 blink frogs
  A snapping turtle (shapeshifter) (Depths:2)
  8 snapping turtles
  Sigmund (D:4)
  8 dream sheep
  4 flying skulls (Abyss:1)
  2 culicivoras (Vaults:2)
  20 slime creatures
  5 wraiths (D:15)
  3 ynoxinuls
  23 water elementals
  6 air elementals (Shoals:4)
  2 vampires
  5 basilisks
  An elf simulacrum (Vaults:4)
  39 yaks
  5 wyverns
  A golden eye (Gauntlet)
  A neqoxec (Abyss:1)
  9 steam dragons
  A redback (shapeshifter) (D:15)
  5 redbacks
  5 vampire mosquitoes (D:13)
  2 chaos spawn (Depths:3)
  53 nagas
  Menkaure (D:4)
  A harpy simulacrum (Abyss:3)
  5 wargs
  2 acid dragons
  18 water moccasins
  Duvessa (D:4)
  A glowing shapeshifter skeleton (Vaults:4)
  2 sky beasts
  9 ice beasts
  3 black bears
  40 orc warriors
  11 centaurs
  4 ogres
  4 boggarts (Vaults:2)
  13 wolves
  3 phantoms
  3 kobold brigands
  3 lemures (D:8)
  13 small abominations
  3 scorpions
  15 bullfrogs
  24 wights
  Dowan (D:4)
  6 killer bees (D:8)
  4 electric eels
  4 howler monkeys
  7 hounds
  14 jellies
  28 orc priests
  12 starcursed masses (Abyss:3)
  5 iguanas
  An iron imp (Abyss:3)
  13 orc wizards
  A sleepcap (D:4)
  13 adders
  4 gnolls
  6 river rats (Sewer)
  A shadow imp (D:7)
  15 white imps
  An ufetubus (Vaults:4)
  4 worms
  A dart slug (D:3)
  79 orcs
  8 bats
  A bat zombie (D:3)
  12 endoplasms
  11 giant cockroaches
  7 goblins
  3 hobgoblins
  2 jackals (Sewer)
  39 kobolds
  7 quokkas
  18 ball pythons
  6 frilled lizards
  8 rats
  A rat zombie (D:3)
1651 creatures vanquished.

Vanquished Creatures (others)
  A faun (Shoals:4)
  A small abomination (Abyss:3)
  An orc wizard (Orc:1)
  An orc (D:15)
  2 lurking horrors (Abyss:3)
  4 starspawn tentacles (Abyss:3)
10 creatures vanquished.

Grand Total: 1661 creatures vanquished

Notes
Turn   | Place    | Note
-------+----------+-------------------------------------------
     0 | D:1      | qw the Gargoyle Hexslinger began the quest for the Orb.
     0 | D:1      | Reached XP level 1. HP: 12/12 MP: 2/2
     0 | D:1      | 0 ||| qw: Version: 0.3-a-46-gb1f654a
     0 | D:1      | 0 ||| qw: Game counter: 3496
     0 | D:1      | 0 ||| qw: Melee chars always use a shield: true
     0 | D:1      | 0 ||| qw: God list: Okawaru
     0 | D:1      | 0 ||| qw: Allow faded altars: false
     0 | D:1      | 0 ||| qw: Do Orc after clearing Dungeon:15 true
     0 | D:1      | 0 ||| qw: Do second Lair branch before Depths: true
     0 | D:1      | 0 ||| qw: Lair rune preference: random
     0 | D:1      | 0 ||| qw: Goals: Normal
     0 | D:1      | 0 ||| PLANNING D:1-11
   101 | D:1      | Found Digginae's Weapon Boutique.
   130 | D:1      | Reached XP level 2. HP: 10/16 MP: 3/3
   281 | D:1      | Found Boorube's Jewellery Shop.
   286 | D:1      | 286 ||| SHOPLISTING +6 ring of strength (504 gold, have
                  | 30).
   286 | D:1      | 286 ||| SHOPLISTING ring of positive energy (280 gold, have
                  | 30).
   286 | D:1      | 286 ||| SHOPLISTING ring of protection from cold (350 gold,
                  | have 30).
   286 | D:1      | 286 ||| SHOPLISTING ring of protection from fire (350 gold,
                  | have 30).
   286 | D:1      | 286 ||| SHOPLISTING ring of see invisible (210 gold, have
                  | 30).
   286 | D:1      | 286 ||| SHOPLISTING ring of willpower (350 gold, have 30).
   304 | D:1      | Found Ukaus's Antique Weapon Boutique.
   420 | D:1      | Reached skill level 3 in Ranged Weapons
   459 | D:1      | Found Ehero's Weapon Shop.
   476 | D:1      | 476 ||| BUYING +0 arbalest (49 gold).
   476 | D:1      | Bought a +0 arbalest for 49 gold pieces
   476 | D:1      | 476 ||| SWAPPING to +0 arbalest.
   477 | D:1      | 477 ||| DROPPING +1 sling.
   575 | D:1      | Found Egiuw's Distillery.
   585 | D:1      | 585 ||| SHOPLISTING potion of cancellation (88 gold, have
                  | 7).
   585 | D:1      | 585 ||| SHOPLISTING potion of curing (33 gold, have 7).
   585 | D:1      | 585 ||| SHOPLISTING potion of enlightenment (55 gold, have
                  | 7).
   677 | D:1      | 677 ||| UPGRADING to +0 pair of gloves.
   682 | D:1      | 682 ||| UPGRADING to +0 cloak.
   687 | D:1      | 687 ||| READING scroll labelled OBROMASSAE.
   688 | D:1      | 688 ||| READING 2 scrolls labelled TIMUUJ MUFETUU.
   689 | D:1      | 689 ||| READING 2 scrolls labelled APSOVO KEGHES.
   690 | D:1      | 690 ||| READING scroll labelled WOAPLAUBIA.
   691 | D:1      | 691 ||| DROPPING scroll of poison.
   692 | D:1      | 692 ||| DROPPING scroll of butterflies.
   693 | D:1      | 693 ||| DROPPING scroll of revelation.
   825 | D:2      | Reached skill level 2 in Fighting
   825 | D:2      | Reached XP level 3. HP: 21/21 MP: 4/4
  1191 | D:2      | Found a faded altar of an unknown god.
  1416 | D:2      | 1416 ||| UPGRADING to +0 leather armour.
  1426 | D:2      | 1426 ||| DROPPING +0 robe.
  1427 | D:2      | 1427 ||| UPGRADING to ring of protection from fire.
  1428 | D:2      | 1428 ||| READING 2 scrolls labelled XUREJUCVYGE.
  1431 | D:2      | 1431 ||| READING scroll labelled DUEXAWU KASH.
  1572 | D:3      | Reached XP level 4. HP: 20/26 MP: 5/5
  1813 | D:3      | Found a burning altar of Makhleb.
  1882 | D:3      | Found an ancient bone altar of Kikubaaqudgha.
  2083 | D:3      | Reached XP level 5. HP: 30/30 MP: 6/6
  2349 | D:3      | Reached skill level 3 in Fighting
  2447 | D:3      | 2447 ||| DROPPING +0 pair of gloves of stealth.
  2448 | D:3      | 2448 ||| UPGRADING to +0 ring mail.
  2458 | D:3      | 2458 ||| DROPPING +0 leather armour.
  2459 | D:3      | 2459 ||| UPGRADING to ring of resist corrosion.
  2460 | D:3      | 2460 ||| UPGRADING to ring of see invisible.
  2462 | D:3      | 2462 ||| UPGRADING to ring of protection from fire.
  2464 | D:3      | 2464 ||| READING scroll labelled ROZUALIRYS.
  2465 | D:3      | 2465 ||| READING scroll labelled TARCHA ARIETZEE.
  2466 | D:3      | 2466 ||| READING 2 scrolls of identify.
  2466 | D:3      | 2466 ||| IDENTIFYING dark potion
  2488 | D:4      | Noticed Menkaure
  2491 | D:4      | Killed Menkaure
  2492 | D:4      | Reached skill level 3 in Armour
  2492 | D:4      | Reached XP level 6. HP: 37/37 MP: 7/7
  2514 | D:4      | Noticed Sigmund
  2524 | D:4      | Killed Sigmund
  2525 | D:4      | Reached skill level 6 in Ranged Weapons
  2525 | D:4      | Reached XP level 7. HP: 40/41 MP: 8/8
  2567 | D:4      | Reached skill level 4 in Fighting
  2638 | D:4      | Noticed Duvessa
  2864 | D:4      | Reached XP level 8. HP: 42/48 MP: 9/9
  2915 | D:4      | Killed Duvessa
  2921 | D:4      | Noticed Dowan
  2929 | D:4      | Killed Dowan
  3169 | D:4      | 3169 ||| Stepping ~*~*~tactically~*~*~ (outnumbered).
  3170 | D:4      | 3170 ||| Stepping ~*~*~tactically~*~*~ (outnumbered).
  3182 | D:4      | Found an iron altar of Okawaru.
  3183 | D:4      | 3183 ||| PLANNING OKAWARU WORSHIP
  3183 | D:4      | 3183 ||| UPGRADING to +2 pair of boots.
  3188 | D:4      | 3188 ||| UPGRADING to amulet of reflection.
  3200 | D:4      | Became a worshipper of Warmaster Okawaru
  3201 | D:4      | 3201 ||| PLANNING D:1-11
  3257 | D:4      | Reached skill level 5 in Fighting
  3367 | D:5      | Entered Level 5 of the Dungeon
  3625 | D:5      | Found a basalt altar of Yredelemnul.
  3657 | D:5      | 3657 ||| READING scroll of enchant armour.
  3657 | D:5      | 3657 ||| ENCHANTING +0 pair of gloves.
  3698 | D:5      | Found a stormy altar of Qazlal.
  4028 | D:5      | Reached skill level 9 in Ranged Weapons
  4047 | D:5      | 4047 ||| UPGRADING to +4 ring mail.
  4057 | D:5      | 4057 ||| DROPPING +0 ring mail.
  4058 | D:5      | 4058 ||| READING 2 scrolls of identify.
  4058 | D:5      | 4058 ||| IDENTIFYING silvery potion
  4110 | D:6      | 4110 ||| PLANNING SEWER
  4205 | D:6      | Reached * piety under Okawaru
  4206 | D:6      | Reached skill level 6 in Fighting
  4219 | D:6      | Reached XP level 9. HP: 55/55 MP: 10/10
  4222 | D:6      | Reached skill level 1 in Invocations
  4358 | D:6      | Found a glowing drain.
  4359 | D:6      | 4359 ||| READING scroll labelled BUCOIPN FUSAF.
  4360 | D:6      | 4360 ||| DRINKING 2 bubbling emerald potions.
  4361 | D:6      | 4361 ||| DROPPING potion of brilliance.
  4368 | D:6      | Reached skill level 3 in Invocations
  4373 | Sewer    | Entered a sewer
  4395 | Sewer    | 4395 ||| Stepping ~*~*~tactically~*~*~ (water).
  4457 | Sewer    | 4457 ||| Stepping ~*~*~tactically~*~*~ (water).
  4472 | Sewer    | 4472 ||| Stepping ~*~*~tactically~*~*~ (water).
  4583 | Sewer    | 4583 ||| Stepping ~*~*~tactically~*~*~ (water).
  4601 | Sewer    | 4601 ||| Stepping ~*~*~tactically~*~*~ (water).
  4680 | Sewer    | 4680 ||| Stepping ~*~*~tactically~*~*~ (water).
  4872 | Sewer    | 4872 ||| READING scroll labelled TUSARASHR AGEI.
  4873 | Sewer    | 4873 ||| READING scroll labelled MECOTE PAET.
  4896 | D:6      | 4896 ||| PLANNING D:1-11
  4898 | D:6      | 4898 ||| Stepping ~*~*~tactically~*~*~ (water).
  4899 | D:6      | 4899 ||| INVOKING Heroism.
  4912 | D:6      | 4912 ||| INVOKING Heroism.
  5112 | D:6      | Found a shimmering altar of Xom.
  5112 | D:6      | Found a shimmering altar of Xom.
  5114 | D:6      | Found a shimmering altar of Xom.
  5116 | D:6      | Found a shimmering altar of Xom.
  5117 | D:6      | Found a shimmering altar of Xom.
  5498 | D:6      | 5498 ||| DROPPING ring of see invisible.
  5499 | D:6      | 5499 ||| UPGRADING to +5 ring of evasion.
  5501 | D:6      | 5501 ||| UPGRADING to ring of see invisible.
  5572 | D:7      | Found a staircase to the Ecumenical Temple.
  5575 | D:7      | Identified the +1 robe of Lilacs {Str+3}
  5634 | D:7      | Found a shadowy altar of Dithmenos.
  5656 | D:7      | 5656 ||| Stepping ~*~*~tactically~*~*~ (outnumbered).
  5660 | D:7      | 5660 ||| Stepping ~*~*~tactically~*~*~ (outnumbered).
  5662 | D:7      | 5662 ||| INVOKING Heroism.
  5678 | D:7      | 5678 ||| INVOKING Heroism.
  5686 | D:7      | Reached skill level 7 in Fighting
  5747 | D:7      | 5747 ||| INVOKING Heroism.
  5854 | D:7      | 5854 ||| READING scroll of enchant weapon.
  5854 | D:7      | 5854 ||| ENCHANTING +1 arbalest of draining.
  5937 | D:7      | 5937 ||| Stepping ~*~*~tactically~*~*~ (outnumbered).
  5939 | D:7      | 5939 ||| Stepping ~*~*~tactically~*~*~ (outnumbered).
  5941 | D:7      | 5941 ||| Stepping ~*~*~tactically~*~*~ (outnumbered).
  6316 | D:7      | 6316 ||| DROPPING +1 robe of Lilacs {Str+3}.
  6317 | D:7      | 6317 ||| DROPPING ring of resist corrosion.
  6318 | D:7      | 6318 ||| UPGRADING to +6 ring of dexterity.
  6320 | D:7      | 6320 ||| UPGRADING to +5 ring of evasion.
  6322 | D:7      | 6322 ||| DROPPING ring of see invisible.
  6323 | D:7      | 6323 ||| READING scroll labelled WOLOACLUDOHOQ.
  6324 | D:7      | 6324 ||| READING scroll labelled GAMYAM VUSY.
  6325 | D:7      | 6325 ||| READING 6 scrolls of identify.
  6325 | D:7      | 6325 ||| IDENTIFYING inky potion
  6326 | D:7      | 6326 ||| DROPPING potion of invisibility.
  6362 | D:8      | Reached ** piety under Okawaru
  6378 | D:8      | Reached XP level 10. HP: 63/63 MP: 13/13
  6381 | D:8      | Reached skill level 3 in Dodging
  6476 | D:8      | Noticed Pikel
  6504 | D:8      | Killed Pikel
  6520 | D:8      | 6520 ||| INVOKING Heroism.
  6622 | D:8      | 6622 ||| INVOKING Heroism.
  6630 | D:8      | 6630 ||| Stepping ~*~*~tactically~*~*~ (cloud).
  6688 | D:8      | Reached skill level 8 in Fighting
  6701 | D:8      | Reached *** piety under Okawaru
  6734 | D:8      | Found a staircase to the Lair.
  6748 | D:8      | Reached skill level 12 in Ranged Weapons
  6853 | D:8      | 6853 ||| Stepping ~*~*~tactically~*~*~ (outnumbered).
  6863 | D:8      | 6863 ||| Stepping ~*~*~tactically~*~*~ (outnumbered).
  6865 | D:8      | 6865 ||| Stepping ~*~*~tactically~*~*~ (outnumbered).
  6986 | D:8      | Noticed Psyche
  6987 | D:8      | 6987 ||| INVOKING Heroism.
  7000 | Abyss:1  | Cast into level 1 of the Abyss (Psyche)
  7033 | Abyss:1  | Reached XP level 11. HP: 55/68 MP: 14/14
  7044 | Abyss:1  | Noticed a worldbinder
  7047 | Abyss:1  | 7047 ||| INVOKING Heroism.
  7048 | Abyss:1  | Killed a worldbinder
  7113 | Abyss:1  | Noticed a thrashing horror
  7124 | Abyss:1  | Killed a thrashing horror
  7124 | Abyss:1  | Reached **** piety under Okawaru
  7124 | Abyss:1  | Gained mutation: You possess an exceptional clarity of
                  | mind. [a neqoxec]
  7128 | Abyss:1  | Gained mutation: You are vulnerable to cold. (rC-) [a
                  | neqoxec]
  7131 | Abyss:1  | Noticed a thrashing horror
  7133 | Abyss:1  | Gained mutation: Your body sometimes deteriorates upon
                  | taking damage. [a neqoxec]
  7165 | Abyss:1  | Noticed a great orb of eyes
  7168 | Abyss:1  | 7168 ||| INVOKING Heroism.
  7172 | Abyss:1  | Killed a great orb of eyes
  7173 | Abyss:1  | Reached skill level 9 in Fighting
  7214 | Abyss:1  | 7214 ||| INVOKING Heroism.
  7337 | D:8      | Escaped the Abyss
  7338 | D:8      | 7338 ||| INVOKING Heroism.
  7343 | D:8      | Killed Psyche
  7368 | D:8      | 7368 ||| FLEEEEING.
  7747 | D:8      | 7747 ||| INVOKING Heroism.
  8014 | D:8      | 8014 ||| PLANNING LAIR
  8014 | D:8      | 8014 ||| READING 5 scrolls of identify.
  8014 | D:8      | 8014 ||| IDENTIFYING viscous sapphire potion
  8015 | D:8      | 8015 ||| DRINKING potion of mutation.
  8015 | D:8      | Lost mutation: Your body sometimes deteriorates upon taking
                  | damage. [potion of mutation]
  8015 | D:8      | Lost mutation: You are vulnerable to cold. (rC-) [potion of
                  | mutation]
  8015 | D:8      | Gained mutation: You are robust. (+10% HP) [potion of
                  | mutation]
  8015 | D:8      | Gained mutation: Your body sometimes deteriorates upon
                  | taking damage. [potion of mutation]
  8015 | D:8      | Gained mutation: You have an increased reservoir of magic.
                  | (+10% MP) [potion of mutation]
  8071 | Lair:1   | Entered Level 1 of the Lair of Beasts
  8103 | Lair:1   | 8103 ||| INVOKING Heroism.
  8137 | Lair:1   | 8137 ||| FLEEEEING.
  8202 | Lair:1   | Noticed a death yak
  8203 | Lair:1   | 8203 ||| INVOKING Heroism.
  8209 | Lair:1   | Killed a death yak
  8216 | Lair:1   | Noticed Fannar
  8227 | Lair:1   | 8227 ||| INVOKING Heroism.
  8233 | Lair:1   | Killed Fannar
  8234 | Lair:1   | Reached skill level 6 in Invocations
  8249 | Lair:1   | 8249 ||| FLEEEEING.
  8254 | Lair:1   | 8254 ||| INVOKING Heroism.
  8257 | Lair:1   | 8257 ||| FLEEEEING.
  8258 | Lair:1   | 8258 ||| FLEEEEING.
  8264 | Lair:1   | 8264 ||| FLEEEEING.
  8291 | Lair:1   | 8291 ||| INVOKING Heroism.
  8299 | Lair:1   | Reached XP level 12. HP: 53/83 MP: 16/19
  8741 | Lair:1   | Noticed a death yak
  8742 | Lair:1   | 8742 ||| INVOKING Heroism.
  8742 | Lair:1   | Noticed a death yak
  8744 | Lair:1   | Noticed a death yak
  8744 | Lair:1   | Noticed a death yak
  8746 | Lair:1   | Noticed a death yak
  8751 | Lair:1   | Killed a death yak
  8762 | Lair:1   | Killed a death yak
  8762 | Lair:1   | Reached ***** piety under Okawaru
  8763 | Lair:1   | 8763 ||| INVOKING Finesse.
  8770 | Lair:1   | Killed a death yak
  8771 | Lair:1   | Reached skill level 10 in Fighting
  8771 | Lair:1   | HP: 6/84 [death yak (20)]
  8772 | Lair:1   | 8772 ||| READING 2 scrolls of teleportation.
  8773 | Lair:1   | 8773 ||| DRINKING 3 potions of heal wounds.
  8776 | Lair:1   | Killed a death yak
  8779 | Lair:1   | 8779 ||| INVOKING Heroism.
  9003 | Lair:1   | 9003 ||| READING 2 scrolls labelled ZESAUJ JUL.
  9004 | Lair:1   | 9004 ||| READING 4 scrolls of identify.
  9004 | Lair:1   | 9004 ||| IDENTIFYING puce potion
  9234 | Lair:1   | Reached skill level 9 in Invocations
  9376 | Lair:1   | 9376 ||| INVOKING Heroism.
  9377 | Lair:1   | 9377 ||| INVOKING Finesse.
  9385 | Lair:1   | Killed a death yak
  9461 | Lair:1   | 9461 ||| READING 3 scrolls of identify.
  9461 | Lair:1   | 9461 ||| IDENTIFYING sedimented puce potion
  9462 | Lair:1   | 9462 ||| DROPPING potion of lignification.
  9463 | Lair:1   | 9463 ||| DROPPING scroll of amnesia.
  9623 | Lair:2   | Found a staircase to the Shoals.
  9876 | Lair:2   | 9876 ||| INVOKING Heroism.
 10078 | Lair:2   | 10078 ||| INVOKING Heroism.
 10082 | Lair:2   | Reached skill level 15 in Ranged Weapons
 10176 | Lair:2   | Identified the +0 pair of gloves "Tyracs" {rC- MP+9 Str+2
                  | Dex+4} (Okawaru gifted it to you on level 2 of the Lair of
                  | Beasts)
 10176 | Lair:2   | Received a gift from Okawaru
 10456 | Lair:2   | Reached skill level 6 in Armour
 10475 | Lair:2   | Reached XP level 13. HP: 90/90 MP: 22/22
 10666 | Lair:2   | 10666 ||| UPGRADING to +0 pair of gloves "Tyracs" {rC- MP+9
                  | Str+2 Dex+4}.
 10717 | Lair:2   | 10717 ||| DROPPING +1 pair of gloves.
 10718 | Lair:2   | 10718 ||| READING 3 scrolls of identify.
 10718 | Lair:2   | 10718 ||| IDENTIFYING metallic ruby potion
 10719 | Lair:2   | 10719 ||| DROPPING potion of berserk rage.
 10759 | Lair:3   | 10759 ||| INVOKING Heroism.
 10760 | Lair:3   | 10760 ||| INVOKING Finesse.
 10775 | Lair:3   | Reached skill level 6 in Dodging
 10779 | Lair:3   | 10779 ||| STAIRDANCE
 10974 | Lair:3   | 10974 ||| STAIRDANCE
 11060 | Lair:3   | 11060 ||| STAIRDANCE
 11062 | Lair:2   | 11062 ||| INVOKING Heroism.
 11136 | Lair:3   | 11136 ||| INVOKING Heroism.
 11299 | Lair:3   | Found a staircase to the Snake Pit.
 11851 | Lair:3   | 11851 ||| DROPPING +4 ring of protection.
 11870 | Lair:4   | 11870 ||| INVOKING Heroism.
 11882 | Lair:4   | 11882 ||| STAIRDANCE
 11884 | Lair:3   | 11884 ||| INVOKING Heroism.
 11889 | Lair:3   | Reached skill level 11 in Fighting
 11890 | Lair:3   | HP: 23/92 [rime drake (4)]
 11891 | Lair:3   | 11891 ||| READING 2 scrolls of teleportation.
 11892 | Lair:3   | 11892 ||| DRINKING 2 potions of heal wounds.
 12020 | Lair:4   | 12020 ||| INVOKING Heroism.
 12030 | Lair:4   | Noticed a fire dragon
 12031 | Lair:4   | 12031 ||| INVOKING Finesse.
 12038 | Lair:4   | 12038 ||| Stepping ~*~*~tactically~*~*~ (cloud).
 12055 | Lair:4   | Killed a fire dragon
 12221 | Lair:4   | 12221 ||| INVOKING Heroism.
 12270 | Lair:4   | Found a staircase to the Slime Pits.
 12273 | Lair:4   | Found a viscous altar of Jiyva.
 12427 | Lair:4   | 12427 ||| INVOKING Heroism.
 12874 | Lair:4   | 12874 ||| DROPPING ring of flight.
 12877 | Lair:5   | Entered Level 5 of the Lair of Beasts
 12906 | Lair:5   | 12906 ||| INVOKING Heroism.
 12933 | Lair:5   | Identified the +5 longbow of the Apocalypse {flame, rF+
                  | Str+3 Int+2} (Okawaru gifted it to you on level 5 of the
                  | Lair of Beasts)
 12933 | Lair:5   | Received a gift from Okawaru
 12934 | Lair:5   | Gained mutation: Your large and strong wings let you fly.
                  | [Gargoyle growth]
 12934 | Lair:5   | Reached XP level 14. HP: 79/99 MP: 23/23
 12990 | Lair:5   | 12990 ||| SWAPPING to +5 longbow of the Apocalypse {flame,
                  | rF+ Str+3 Int+2}.
 12991 | Lair:5   | 12991 ||| DROPPING +2 arbalest of draining.
 13031 | Lair:5   | 13031 ||| INVOKING Heroism.
 13032 | Lair:5   | 13032 ||| INVOKING Finesse.
 13076 | Lair:5   | 13076 ||| INVOKING Heroism.
 13085 | Lair:5   | Noticed a dire elephant
 13098 | Lair:5   | Killed a dire elephant
 13221 | Lair:5   | 13221 ||| INVOKING Heroism.
 13222 | Lair:5   | 13222 ||| INVOKING Finesse.
 13239 | Lair:5   | Reached skill level 18 in Ranged Weapons
 13295 | Lair:5   | 13295 ||| READING scroll of enchant armour.
 13295 | Lair:5   | 13295 ||| ENCHANTING +0 cloak.
 13541 | Lair:5   | 13541 ||| INVOKING Heroism.
 13542 | Lair:5   | 13542 ||| INVOKING Finesse.
 13549 | Lair:5   | Reached skill level 12 in Fighting
 13781 | Lair:5   | Received a gift from Okawaru
 13933 | Lair:5   | Identified the ring "Suogh" {rPois Int+3 Dex+5}
 14031 | Lair:5   | 14031 ||| PLANNING D:1-11
 14031 | Lair:5   | 14031 ||| DROPPING +2 pair of boots of stealth.
 14032 | Lair:5   | 14032 ||| UPGRADING to ring "Suogh" {rPois Int+3 Dex+5}.
 14034 | Lair:5   | 14034 ||| DROPPING +5 ring of evasion.
 14035 | Lair:5   | 14035 ||| READING scroll labelled ESTRUA FOD KILU.
 14168 | D:9      | Found an ornate altar of the Wu Jian Council.
 14405 | D:9      | Noticed Harold
 14409 | D:9      | Killed Harold
 14740 | D:10     | Entered Level 10 of the Dungeon
 15108 | D:10     | 15108 ||| UPGRADING to +0 troll leather armour.
 15118 | D:10     | 15118 ||| DROPPING +4 ring mail.
 15152 | D:11     | 15152 ||| Stepping ~*~*~tactically~*~*~ (outnumbered).
 15155 | D:11     | 15155 ||| Stepping ~*~*~tactically~*~*~ (outnumbered).
 15162 | D:11     | 15162 ||| Stepping ~*~*~tactically~*~*~ (outnumbered).
 15163 | D:11     | 15163 ||| STAIRDANCE
 15185 | D:11     | 15185 ||| Stepping ~*~*~tactically~*~*~ (outnumbered).
 15195 | D:11     | Found a frozen archway.
 15293 | D:11     | Noticed a stone giant
 15294 | D:11     | Found a runed translucent door.
 15296 | D:11     | Noticed a fire giant
 15296 | D:11     | Found the sphere of Battle
 15335 | D:11     | 15335 ||| Stepping ~*~*~tactically~*~*~ (outnumbered).
 15987 | D:11     | Found a portal to a secret trove of treasure.
 16091 | D:11     | 16091 ||| Stepping ~*~*~tactically~*~*~ (outnumbered).
 16096 | D:11     | Reached skill level 9 in Dodging
 16120 | D:11     | Found a staircase to the Orcish Mines.
 16238 | D:11     | 16238 ||| PLANNING D
 16238 | D:11     | 16238 ||| DROPPING +6 ring of strength.
 16239 | D:11     | 16239 ||| READING 7 scrolls of identify.
 16239 | D:11     | 16239 ||| IDENTIFYING lumpy amethyst potion
 16240 | D:11     | 16240 ||| DROPPING potion of attraction.
 16253 | D:12     | 16253 ||| INVOKING Heroism.
 16254 | D:12     | 16254 ||| INVOKING Finesse.
 16265 | D:12     | Reached XP level 15. HP: 105/105 MP: 24/24
 16422 | D:12     | 16422 ||| INVOKING Heroism.
 16546 | D:12     | 16546 ||| INVOKING Heroism.
 16813 | D:12     | Received a gift from Okawaru
 16911 | D:13     | 16911 ||| PLANNING GAUNTLET
 16927 | D:13     | 16927 ||| INVOKING Heroism.
 17189 | D:13     | Found a gate leading to a gauntlet.
 17195 | Gauntlet | Entered a Gauntlet
 17195 | Gauntlet | Found a transporter.
 17203 | Gauntlet | Found a transporter.
 17206 | Gauntlet | Found a transporter.
 17217 | Gauntlet | Found a transporter.
 17220 | Gauntlet | Found a transporter.
 17228 | Gauntlet | Found a transporter.
 17249 | Gauntlet | Found a transporter.
 17260 | Gauntlet | Found a transporter.
 17268 | Gauntlet | Found a runed translucent door.
 17272 | Gauntlet | Found a transporter.
 17291 | Gauntlet | Found a transporter.
 17305 | Gauntlet | Found a transporter.
 17305 | Gauntlet | Found a transporter.
 17352 | Gauntlet | Found a runed translucent door.
 17355 | Gauntlet | Found a transporter.
 17373 | Gauntlet | Found a transporter.
 17477 | Gauntlet | Identified the -1 hat "Vuasm" {rElec}
 17479 | Gauntlet | 17479 ||| DROPPING -1 hat "Vuasm" {rElec}.
 17494 | Gauntlet | Gained mutation: You are dopey. (Int -2) [a shining eye]
 17511 | Gauntlet | 17511 ||| UPGRADING to +0 helmet of intelligence.
 17539 | Gauntlet | 17539 ||| INVOKING Heroism.
 17594 | Gauntlet | 17594 ||| INVOKING Heroism.
 17619 | Gauntlet | Found the +3 pair of mountain boots {steadfast, rC+}
 17658 | Gauntlet | 17658 ||| DROPPING +2 robe of willpower.
 17659 | Gauntlet | 17659 ||| UPGRADING to +3 pair of mountain boots
                  | {steadfast, rC+}.
 17669 | Gauntlet | 17669 ||| DROPPING +2 pair of boots.
 17681 | D:13     | 17681 ||| PLANNING D
 17722 | D:13     | Noticed Erolcha
 17725 | D:13     | Killed Erolcha
 17821 | D:13     | Identified the +0 pair of boots of Lyiquc {rCorr Int+3}
                  | (Okawaru gifted it to you on level 13 of the Dungeon)
 17821 | D:13     | Received a gift from Okawaru
 17894 | D:13     | Noticed Frances
 17895 | D:13     | 17895 ||| INVOKING Heroism.
 17896 | D:13     | 17896 ||| INVOKING Finesse.
 17917 | D:13     | Killed Frances
 18532 | D:13     | 18532 ||| DROPPING +0 pair of boots of Lyiquc {rCorr
                  | Int+3}.
 18533 | D:13     | 18533 ||| DROPPING +0 robe of positive energy.
 18534 | D:13     | 18534 ||| DROPPING +6 ring of intelligence.
 18673 | D:14     | 18673 ||| FLEEEEING.
 18674 | D:14     | 18674 ||| FLEEEEING.
 18675 | D:14     | 18675 ||| FLEEEEING.
 18676 | D:14     | 18676 ||| FLEEEEING.
 18677 | D:14     | 18677 ||| INVOKING Heroism.
 18962 | D:14     | Noticed qw's ghost (journeyman MiHs)
 18964 | D:14     | Found a transporter.
 18973 | D:14     | Found a bloodstained altar of Trog.
 18983 | D:14     | Found a transporter.
 19330 | D:14     | Found a gate to the Vaults.
 19333 | D:14     | Reached skill level 13 in Fighting
 19532 | D:15     | Entered Level 15 of the Dungeon
 19660 | D:15     | 19660 ||| INVOKING Heroism.
 19662 | D:15     | 19662 ||| Stepping ~*~*~tactically~*~*~ (outnumbered).
 19675 | D:15     | 19675 ||| Stepping ~*~*~tactically~*~*~ (outnumbered).
 19678 | D:15     | 19678 ||| Stepping ~*~*~tactically~*~*~ (outnumbered).
 19727 | D:15     | 19727 ||| INVOKING Heroism.
 19786 | D:15     | 19786 ||| INVOKING Heroism.
 19841 | D:15     | Noticed Josephine
 19858 | D:15     | Killed Josephine
 19972 | D:15     | Noticed Roxanne
 19973 | D:15     | 19973 ||| INVOKING Heroism.
 19989 | D:15     | Killed Roxanne
 20026 | D:15     | Reached XP level 16. HP: 114/114 MP: 25/25
 20031 | D:15     | Found a staircase to the Depths.
 20036 | D:15     | 20036 ||| INVOKING Heroism.
 20106 | D:15     | 20106 ||| READING 7 scrolls of identify.
 20106 | D:15     | 20106 ||| IDENTIFYING fuming brown potion
 20341 | D:15     | 20341 ||| INVOKING Heroism.
 20748 | D:15     | 20748 ||| PLANNING ORC
 20955 | Orc:1    | Entered Level 1 of the Orcish Mines
 20956 | Orc:1    | 20956 ||| INVOKING Heroism.
 21058 | Orc:1    | 21058 ||| INVOKING Heroism.
 21136 | Orc:2    | Entered Level 2 of the Orcish Mines
 21668 | Orc:2    | 21668 ||| FLEEEEING.
 21669 | Orc:2    | 21669 ||| FLEEEEING.
 21670 | Orc:2    | 21670 ||| FLEEEEING.
 21671 | Orc:2    | 21671 ||| FLEEEEING.
 21672 | Orc:2    | 21672 ||| FLEEEEING.
 21673 | Orc:2    | 21673 ||| FLEEEEING.
 21674 | Orc:2    | 21674 ||| FLEEEEING.
 21675 | Orc:2    | 21675 ||| FLEEEEING.
 21676 | Orc:2    | 21676 ||| FLEEEEING.
 21677 | Orc:2    | 21677 ||| FLEEEEING.
 21678 | Orc:2    | 21678 ||| FLEEEEING.
 21679 | Orc:2    | 21679 ||| FLEEEEING.
 21680 | Orc:2    | 21680 ||| FLEEEEING.
 21681 | Orc:2    | 21681 ||| FLEEEEING.
 21682 | Orc:2    | 21682 ||| FLEEEEING.
 21683 | Orc:2    | 21683 ||| FLEEEEING.
 21686 | Orc:2    | 21686 ||| FLEEEEING.
 21687 | Orc:2    | 21687 ||| FLEEEEING.
 21690 | Orc:2    | 21690 ||| STAIRDANCE
 21815 | Orc:2    | 21815 ||| INVOKING Heroism.
 21845 | Orc:2    | 21845 ||| Stepping ~*~*~tactically~*~*~ (outnumbered).
 21860 | Orc:2    | 21860 ||| INVOKING Finesse.
 21867 | Orc:2    | Reached skill level 14 in Fighting
 21892 | Orc:2    | 21892 ||| INVOKING Heroism.
 21980 | Orc:2    | Found a staircase to the Elven Halls.
 22083 | Orc:2    | Found Xamabah's Magic Scroll Shoppe.
 22090 | Orc:2    | Found Atefon's Magic Scroll Emporium.
 22091 | Orc:2    | 22091 ||| FLEEEEING.
 22118 | Orc:2    | 22118 ||| INVOKING Heroism.
 22148 | Orc:2    | 22148 ||| BUYING scroll of brand weapon (161 gold).
 22148 | Orc:2    | Bought a scroll of brand weapon for 161 gold pieces
 22148 | Orc:2    | 22148 ||| BUYING scroll of enchant weapon (127 gold).
 22148 | Orc:2    | Bought a scroll of enchant weapon for 127 gold pieces
 22148 | Orc:2    | 22148 ||| BUYING scroll of identify (34 gold).
 22148 | Orc:2    | Bought a scroll of identify for 34 gold pieces
 22148 | Orc:2    | 22148 ||| BUYING scroll of identify (34 gold).
 22148 | Orc:2    | Bought a scroll of identify for 34 gold pieces
 22148 | Orc:2    | 22148 ||| BUYING scroll of identify (34 gold).
 22148 | Orc:2    | Bought a scroll of identify for 34 gold pieces
 22150 | Orc:2    | 22150 ||| BUYING scroll of teleportation (33 gold).
 22150 | Orc:2    | Bought a scroll of teleportation for 33 gold pieces
 22156 | Orc:2    | 22156 ||| INVOKING Heroism.
 22160 | Orc:2    | Received a gift from Okawaru
 22230 | Orc:2    | 22230 ||| INVOKING Heroism.
 22241 | Orc:2    | 22241 ||| Stepping ~*~*~tactically~*~*~ (outnumbered).
 22243 | Orc:2    | 22243 ||| Stepping ~*~*~tactically~*~*~ (outnumbered).
 22249 | Orc:2    | 22249 ||| Stepping ~*~*~tactically~*~*~ (outnumbered).
 22287 | Orc:2    | 22287 ||| INVOKING Heroism.
 22289 | Orc:2    | 22289 ||| Stepping ~*~*~tactically~*~*~ (outnumbered).
 22330 | Orc:2    | 22330 ||| INVOKING Heroism.
 22341 | Orc:2    | Found Jocawer's Antique Armour Boutique.
 22341 | Orc:2    | Found Bonablothui's Book Shop.
 22342 | Orc:2    | Found a one-way gate leading to the halls of Pandemonium.
 22344 | Orc:2    | 22344 ||| BUYING +2 cloak of the Thief {*Fog Slay-2 SInv
                  | Stlth+} (844 gold).
 22344 | Orc:2    | Bought the +2 cloak of the Thief {*Fog Slay-2 SInv Stlth+}
                  | for 844 gold pieces
 22344 | Orc:2    | Found the +2 cloak of the Thief {*Fog Slay-2 SInv Stlth+}
 22344 | Orc:2    | 22344 ||| BUYING dazzling ring mail (378 gold).
 22344 | Orc:2    | Bought a dazzling ring mail for 378 gold pieces
 22344 | Orc:2    | Identified the +1 ring mail "Pukaet" {Harm Rampage Drain
                  | +Inv} (You bought it in a shop on level 2 of the Orcish
                  | Mines)
 22404 | Orc:2    | 22404 ||| PLANNING SNAKE:1-3
 22404 | Orc:2    | 22404 ||| UPGRADING to +2 cloak of the Thief {*Fog Slay-2
                  | SInv Stlth+}.
 22414 | Orc:2    | 22414 ||| DROPPING +1 ring mail "Pukaet" {Harm Rampage
                  | Drain +Inv}.
 22620 | Snake:1  | Entered Level 1 of the Snake Pit
 22767 | Snake:1  | 22767 ||| Stepping ~*~*~tactically~*~*~ (outnumbered).
 22771 | Snake:1  | Noticed a nagaraja
 22772 | Snake:1  | 22772 ||| INVOKING Heroism.
 22778 | Snake:1  | Received a gift from Okawaru
 22783 | Snake:1  | Killed a nagaraja
 22786 | Snake:1  | Reached skill level 15 in Fighting
 22834 | Snake:1  | 22834 ||| INVOKING Heroism.
 22866 | Snake:1  | Reached skill level 9 in Armour
 22971 | Snake:1  | 22971 ||| Stepping ~*~*~tactically~*~*~ (outnumbered).
 22972 | Snake:1  | 22972 ||| Stepping ~*~*~tactically~*~*~ (outnumbered).
 22976 | Snake:1  | 22976 ||| INVOKING Heroism.
 23044 | Snake:1  | Identified the +2 plate armour of the Morning {Harm Str+4}
 23228 | Snake:1  | 23228 ||| Stepping ~*~*~tactically~*~*~ (outnumbered).
 23230 | Snake:1  | 23230 ||| Stepping ~*~*~tactically~*~*~ (outnumbered).
 23232 | Snake:1  | 23232 ||| Stepping ~*~*~tactically~*~*~ (outnumbered).
 23233 | Snake:1  | 23233 ||| INVOKING Heroism.
 23616 | Snake:1  | Reached XP level 17. HP: 124/124 MP: 26/26
 23947 | Snake:2  | 23947 ||| INVOKING Heroism.
 23962 | Snake:2  | Reached skill level 12 in Dodging
 24017 | Snake:2  | 24017 ||| INVOKING Heroism.
 24084 | Snake:2  | Received a gift from Okawaru
 24085 | Snake:2  | 24085 ||| FLEEEEING.
 24086 | Snake:2  | 24086 ||| FLEEEEING.
 24087 | Snake:2  | 24087 ||| FLEEEEING.
 24088 | Snake:2  | 24088 ||| FLEEEEING.
 24250 | Snake:2  | Reached skill level 16 in Fighting
 24385 | Snake:2  | 24385 ||| INVOKING Heroism.
 24388 | Snake:2  | 24388 ||| Stepping ~*~*~tactically~*~*~ (outnumbered).
 24391 | Snake:2  | 24391 ||| Stepping ~*~*~tactically~*~*~ (outnumbered).
 24397 | Snake:2  | 24397 ||| Stepping ~*~*~tactically~*~*~ (outnumbered).
 24398 | Snake:2  | 24398 ||| Stepping ~*~*~tactically~*~*~ (outnumbered).
 24400 | Snake:2  | 24400 ||| Stepping ~*~*~tactically~*~*~ (outnumbered).
 24429 | Snake:2  | 24429 ||| READING scroll of enchant armour.
 24429 | Snake:2  | 24429 ||| ENCHANTING +0 helmet of intelligence.
 24434 | Snake:2  | 24434 ||| Stepping ~*~*~tactically~*~*~ (outnumbered).
 24439 | Snake:2  | 24439 ||| INVOKING Heroism.
 24440 | Snake:2  | 24440 ||| Stepping ~*~*~tactically~*~*~ (outnumbered).
 24451 | Snake:2  | 24451 ||| Stepping ~*~*~tactically~*~*~ (outnumbered).
 24576 | Snake:2  | 24576 ||| INVOKING Heroism.
 24687 | Snake:2  | 24687 ||| DROPPING +2 pair of boots of stealth.
 24722 | Snake:3  | 24722 ||| STAIRDANCE
 24769 | Snake:3  | 24769 ||| Stepping ~*~*~tactically~*~*~ (outnumbered).
 24780 | Snake:3  | 24780 ||| Stepping ~*~*~tactically~*~*~ (outnumbered).
 24782 | Snake:3  | 24782 ||| Stepping ~*~*~tactically~*~*~ (outnumbered).
 24784 | Snake:3  | 24784 ||| Stepping ~*~*~tactically~*~*~ (outnumbered).
 24786 | Snake:3  | 24786 ||| Stepping ~*~*~tactically~*~*~ (outnumbered).
 24788 | Snake:3  | 24788 ||| Stepping ~*~*~tactically~*~*~ (outnumbered).
 24790 | Snake:3  | 24790 ||| Stepping ~*~*~tactically~*~*~ (outnumbered).
 24793 | Snake:3  | 24793 ||| Stepping ~*~*~tactically~*~*~ (outnumbered).
 24795 | Snake:3  | 24795 ||| Stepping ~*~*~tactically~*~*~ (outnumbered).
 24799 | Snake:3  | 24799 ||| Stepping ~*~*~tactically~*~*~ (outnumbered).
 24829 | Snake:3  | 24829 ||| INVOKING Heroism.
 24834 | Snake:3  | 24834 ||| Stepping ~*~*~tactically~*~*~ (outnumbered).
 24863 | Snake:3  | 24863 ||| INVOKING Heroism.
 24927 | Snake:3  | 24927 ||| Stepping ~*~*~tactically~*~*~ (outnumbered).
 25021 | Snake:3  | 25021 ||| INVOKING Heroism.
 25343 | Snake:3  | Found Xomaimalia's Antique Weapon Shop.
 25357 | Snake:3  | 25357 ||| SHOPLISTING +6 arbalest "Damnation" {damnation}
                  | (2160 gold, have 650).
 25443 | Snake:3  | 25443 ||| Stepping ~*~*~tactically~*~*~ (outnumbered).
 25445 | Snake:3  | 25445 ||| Stepping ~*~*~tactically~*~*~ (outnumbered).
 25453 | Snake:3  | 25453 ||| INVOKING Heroism.
 25456 | Snake:3  | 25456 ||| Stepping ~*~*~tactically~*~*~ (outnumbered).
 25470 | Snake:3  | 25470 ||| Stepping ~*~*~tactically~*~*~ (outnumbered).
 25475 | Snake:3  | Reached skill level 17 in Fighting
 25721 | Snake:3  | 25721 ||| PLANNING SHOALS:1-3
 25754 | Snake:2  | 25754 ||| INVOKING Heroism.
 25978 | Shoals:1 | Entered Level 1 of the Shoals
 25994 | Shoals:1 | 25994 ||| INVOKING Heroism.
 26335 | Shoals:1 | 26335 ||| READING scroll of enchant armour.
 26335 | Shoals:1 | 26335 ||| ENCHANTING +1 helmet of intelligence.
 26380 | Shoals:1 | Reached XP level 18. HP: 136/136 MP: 28/28
 26813 | Shoals:2 | 26813 ||| INVOKING Heroism.
 26814 | Shoals:2 | 26814 ||| INVOKING Finesse.
 26887 | Shoals:2 | 26887 ||| INVOKING Heroism.
 26888 | Shoals:2 | 26888 ||| INVOKING Finesse.
 26961 | Shoals:2 | Identified the +3 buckler "Lamoyt" {+Blink rN++ Dex-5
                  | Stlth+}
 27492 | Shoals:2 | 27492 ||| DROPPING ring of fire.
 27493 | Shoals:2 | 27493 ||| READING 14 scrolls of identify.
 27493 | Shoals:2 | 27493 ||| IDENTIFYING smoky white potion
 27510 | Shoals:3 | 27510 ||| INVOKING Heroism.
 27850 | Shoals:3 | Reached skill level 18 in Fighting
 28151 | Shoals:3 | 28151 ||| PLANNING SNAKE:4
 28343 | Snake:4  | Entered Level 4 of the Snake Pit
 28390 | Snake:4  | 28390 ||| INVOKING Heroism.
 28511 | Snake:4  | 28511 ||| INVOKING Heroism.
 28550 | Snake:4  | 28550 ||| INVOKING Heroism.
 28652 | Snake:4  | 28652 ||| INVOKING Heroism.
 28690 | Snake:4  | 28690 ||| INVOKING Heroism.
 28693 | Snake:4  | 28693 ||| Stepping ~*~*~tactically~*~*~ (outnumbered).
 28715 | Snake:4  | 28715 ||| Stepping ~*~*~tactically~*~*~ (outnumbered).
 28748 | Snake:4  | 28748 ||| INVOKING Heroism.
 28762 | Snake:4  | 28762 ||| Stepping ~*~*~tactically~*~*~ (outnumbered).
 28772 | Snake:4  | Identified the +7 plate armour "Ipnaf" {rC++ MP+9 Str+5}
                  | (Okawaru gifted it to you on level 4 of the Snake Pit)
 28772 | Snake:4  | Received a gift from Okawaru
 28982 | Snake:4  | 28982 ||| INVOKING Heroism.
 29038 | Snake:4  | 29038 ||| INVOKING Heroism.
 29040 | Snake:4  | 29040 ||| Stepping ~*~*~tactically~*~*~ (outnumbered).
 29075 | Snake:4  | 29075 ||| Stepping ~*~*~tactically~*~*~ (outnumbered).
 29077 | Snake:4  | 29077 ||| Stepping ~*~*~tactically~*~*~ (outnumbered).
 29079 | Snake:4  | 29079 ||| Stepping ~*~*~tactically~*~*~ (outnumbered).
 29099 | Snake:4  | 29099 ||| INVOKING Heroism.
 29156 | Snake:4  | 29156 ||| INVOKING Heroism.
 29157 | Snake:4  | 29157 ||| Stepping ~*~*~tactically~*~*~ (outnumbered).
 29294 | Snake:4  | Got a serpentine rune of Zot
 29361 | Snake:4  | Found a shimmering altar of Xom.
 29461 | Snake:4  | Reached skill level 19 in Fighting
 29628 | Snake:4  | 29628 ||| DROPPING +1 ring mail of cold resistance.
 29636 | Snake:4  | 29636 ||| Stepping ~*~*~tactically~*~*~ (outnumbered).
 29651 | Snake:4  | 29651 ||| Stepping ~*~*~tactically~*~*~ (outnumbered).
 29656 | Snake:4  | 29656 ||| INVOKING Heroism.
 29737 | Snake:4  | Found Toluuph's Weapon Boutique.
 29978 | Snake:4  | 29978 ||| PLANNING VAULTS:1-4
 30345 | Vaults:1 | Entered Level 1 of the Vaults
 30469 | Vaults:1 | Reached XP level 19. HP: 145/145 MP: 29/29
 30709 | Vaults:1 | 30709 ||| INVOKING Heroism.
 30710 | Vaults:1 | 30710 ||| INVOKING Finesse.
 30742 | Vaults:1 | Reached skill level 15 in Dodging
 30770 | Vaults:1 | Found Sufril's Weapon Emporium.
 31184 | Vaults:1 | 31184 ||| Stepping ~*~*~tactically~*~*~ (outnumbered).
 31208 | Vaults:1 | Identified the +0 plate armour "Fyosyts" {rPois} (Okawaru
                  | gifted it to you on level 1 of the Vaults)
 31208 | Vaults:1 | Received a gift from Okawaru
 31316 | Vaults:1 | 31316 ||| FLEEEEING.
 31317 | Vaults:1 | 31317 ||| FLEEEEING.
 31318 | Vaults:1 | 31318 ||| FLEEEEING.
 31329 | Vaults:1 | 31329 ||| FLEEEEING.
 31330 | Vaults:1 | 31330 ||| FLEEEEING.
 31331 | Vaults:1 | 31331 ||| FLEEEEING.
 31332 | Vaults:1 | 31332 ||| FLEEEEING.
 31333 | Vaults:1 | 31333 ||| FLEEEEING.
 31334 | Vaults:1 | 31334 ||| FLEEEEING.
 31335 | Vaults:1 | 31335 ||| FLEEEEING.
 31336 | Vaults:1 | 31336 ||| FLEEEEING.
 31337 | Vaults:1 | 31337 ||| FLEEEEING.
 31338 | Vaults:1 | 31338 ||| FLEEEEING.
 31339 | Vaults:1 | 31339 ||| FLEEEEING.
 31340 | Vaults:1 | 31340 ||| FLEEEEING.
 31341 | Vaults:1 | 31341 ||| FLEEEEING.
 31346 | Vaults:1 | 31346 ||| FLEEEEING.
 31347 | Vaults:1 | 31347 ||| FLEEEEING.
 31348 | Vaults:1 | 31348 ||| FLEEEEING.
 31349 | Vaults:1 | 31349 ||| FLEEEEING.
 31350 | Vaults:1 | 31350 ||| FLEEEEING.
 31351 | Vaults:1 | 31351 ||| FLEEEEING.
 31352 | Vaults:1 | 31352 ||| FLEEEEING.
 31353 | Vaults:1 | 31353 ||| FLEEEEING.
 31354 | Vaults:1 | 31354 ||| FLEEEEING.
 31355 | Vaults:1 | 31355 ||| FLEEEEING.
 31356 | Vaults:1 | 31356 ||| FLEEEEING.
 31357 | Vaults:1 | 31357 ||| FLEEEEING.
 31358 | Vaults:1 | 31358 ||| FLEEEEING.
 31359 | Vaults:1 | 31359 ||| FLEEEEING.
 31360 | Vaults:1 | 31360 ||| FLEEEEING.
 31361 | Vaults:1 | 31361 ||| FLEEEEING.
 31362 | Vaults:1 | 31362 ||| FLEEEEING.
 31363 | Vaults:1 | 31363 ||| FLEEEEING.
 31364 | Vaults:1 | 31364 ||| FLEEEEING.
 31365 | Vaults:1 | 31365 ||| FLEEEEING.
 31731 | Vaults:1 | 31731 ||| DROPPING amulet of regeneration.
 31732 | Vaults:1 | 31732 ||| DROPPING ring of protection from cold.
 31740 | Vaults:2 | Reached skill level 20 in Fighting
 31751 | Vaults:2 | 31751 ||| Stepping ~*~*~tactically~*~*~ (outnumbered).
 31752 | Vaults:2 | 31752 ||| Stepping ~*~*~tactically~*~*~ (outnumbered).
 31753 | Vaults:2 | 31753 ||| INVOKING Heroism.
 31754 | Vaults:2 | 31754 ||| INVOKING Finesse.
 31818 | Vaults:2 | 31818 ||| INVOKING Heroism.
 31819 | Vaults:2 | 31819 ||| INVOKING Finesse.
 31872 | Vaults:2 | 31872 ||| INVOKING Finesse.
 31880 | Vaults:2 | 31880 ||| INVOKING Heroism.
 31940 | Vaults:2 | 31940 ||| Stepping ~*~*~tactically~*~*~ (outnumbered).
 31956 | Vaults:2 | 31956 ||| INVOKING Heroism.
 31970 | Vaults:2 | HP: 16/148 [ironbound preserver simulacrum[a necromancer]
                  | (38)]
 31971 | Vaults:2 | 31971 ||| READING 14 scrolls of teleportation.
 31971 | Vaults:2 | HP: 6/148 [deep troll[an ironbound preserver] (11)]
 31972 | Vaults:2 | 31972 ||| DRINKING 6 potions of heal wounds.
 31973 | Vaults:2 | 31973 ||| DRINKING 5 potions of heal wounds.
 31974 | Vaults:2 | 31974 ||| FLEEEEING.
 32162 | Vaults:2 | 32162 ||| FLEEEEING.
 32163 | Vaults:2 | 32163 ||| FLEEEEING.
 32168 | Vaults:2 | 32168 ||| FLEEEEING.
 32280 | Vaults:2 | 32280 ||| INVOKING Heroism.
 32314 | Vaults:2 | 32314 ||| DRINKING 2 potions of cancellation.
 32337 | Vaults:2 | 32337 ||| INVOKING Heroism.
 32572 | Vaults:2 | 32572 ||| FLEEEEING.
 32573 | Vaults:2 | 32573 ||| FLEEEEING.
 32574 | Vaults:2 | 32574 ||| FLEEEEING.
 32575 | Vaults:2 | 32575 ||| FLEEEEING.
 32576 | Vaults:2 | 32576 ||| FLEEEEING.
 32577 | Vaults:2 | 32577 ||| FLEEEEING.
 32578 | Vaults:2 | 32578 ||| FLEEEEING.
 32579 | Vaults:2 | 32579 ||| FLEEEEING.
 32580 | Vaults:2 | 32580 ||| FLEEEEING.
 32584 | Vaults:2 | 32584 ||| FLEEEEING.
 32585 | Vaults:2 | 32585 ||| FLEEEEING.
 32586 | Vaults:2 | 32586 ||| FLEEEEING.
 32591 | Vaults:2 | 32591 ||| FLEEEEING.
 32592 | Vaults:2 | 32592 ||| FLEEEEING.
 32593 | Vaults:2 | 32593 ||| FLEEEEING.
 32594 | Vaults:2 | 32594 ||| FLEEEEING.
 32595 | Vaults:2 | 32595 ||| FLEEEEING.
 32596 | Vaults:2 | 32596 ||| FLEEEEING.
 32597 | Vaults:2 | 32597 ||| FLEEEEING.
 32598 | Vaults:2 | 32598 ||| FLEEEEING.
 32599 | Vaults:2 | 32599 ||| FLEEEEING.
 32600 | Vaults:2 | 32600 ||| FLEEEEING.
 32601 | Vaults:2 | 32601 ||| STAIRDANCE
 32707 | Vaults:2 | 32707 ||| STAIRDANCE
 32883 | Vaults:2 | Reached skill level 12 in Armour
 32986 | Vaults:2 | Identified the +2 leather armour of Benevolence {*Slow
                  | rC+++ Str+4 Dex-2}
 33132 | Vaults:2 | 33132 ||| INVOKING Heroism.
 33160 | Vaults:2 | 33160 ||| DROPPING +2 leather armour of Benevolence {*Slow
                  | rC+++ Str+4 Dex-2}.
 33180 | Vaults:3 | Identified the +2 chain mail "Zipnotsi" {Will+ Slay+2}
 33207 | Vaults:3 | Noticed Saint Roka
 33208 | Vaults:3 | 33208 ||| INVOKING Heroism.
 33230 | Vaults:3 | Killed Saint Roka
 33231 | Vaults:3 | Reached XP level 20. HP: 107/155 MP: 30/30
 33233 | Vaults:3 | 33233 ||| Stepping ~*~*~tactically~*~*~ (outnumbered).
 33491 | Vaults:3 | 33491 ||| INVOKING Heroism.
 33493 | Vaults:3 | 33493 ||| Stepping ~*~*~tactically~*~*~ (outnumbered).
 33584 | Vaults:3 | Lost mutation: You possess an exceptional clarity of mind.
                  | [a shining eye]
 33735 | Vaults:3 | Reached skill level 21 in Fighting
 33930 | Vaults:3 | 33930 ||| Stepping ~*~*~tactically~*~*~ (outnumbered).
 33932 | Vaults:3 | 33932 ||| Stepping ~*~*~tactically~*~*~ (outnumbered).
 33934 | Vaults:3 | 33934 ||| Stepping ~*~*~tactically~*~*~ (outnumbered).
 33936 | Vaults:3 | 33936 ||| Stepping ~*~*~tactically~*~*~ (outnumbered).
 33964 | Vaults:3 | Found a staircase to the Crypt.
 33964 | Vaults:3 | Found an ancient bone altar of Kikubaaqudgha.
 33965 | Vaults:3 | Found a basalt altar of Yredelemnul.
 34074 | Vaults:3 | 34074 ||| FLEEEEING.
 34075 | Vaults:3 | 34075 ||| FLEEEEING.
 34076 | Vaults:3 | 34076 ||| FLEEEEING.
 34082 | Vaults:3 | 34082 ||| FLEEEEING.
 34086 | Vaults:3 | 34086 ||| FLEEEEING.
 34087 | Vaults:3 | 34087 ||| FLEEEEING.
 34088 | Vaults:3 | 34088 ||| FLEEEEING.
 34098 | Vaults:3 | 34098 ||| FLEEEEING.
 34099 | Vaults:3 | 34099 ||| FLEEEEING.
 34104 | Vaults:3 | 34104 ||| STAIRDANCE
 34206 | Vaults:2 | 34206 ||| DROPPING ring of positive energy.
 34220 | Vaults:3 | 34220 ||| Stepping ~*~*~tactically~*~*~ (outnumbered).
 34222 | Vaults:3 | 34222 ||| Stepping ~*~*~tactically~*~*~ (outnumbered).
 34301 | Vaults:3 | Paralysed by a great orb of eyes for 5 turns
 34481 | Vaults:3 | Noticed Donald
 34489 | Vaults:3 | Killed Donald
 34609 | Vaults:4 | 34609 ||| INVOKING Heroism.
 34610 | Vaults:4 | 34610 ||| INVOKING Finesse.
 34614 | Vaults:4 | 34614 ||| STAIRDANCE
 34616 | Vaults:3 | 34616 ||| DRINKING 16 potions of curing.
 34616 | Vaults:3 | 34616 ||| (to cure confusion)
 34666 | Vaults:4 | 34666 ||| Stepping ~*~*~tactically~*~*~ (outnumbered).
 34668 | Vaults:4 | 34668 ||| Stepping ~*~*~tactically~*~*~ (outnumbered).
 34670 | Vaults:4 | 34670 ||| Stepping ~*~*~tactically~*~*~ (outnumbered).
 34672 | Vaults:4 | 34672 ||| Stepping ~*~*~tactically~*~*~ (outnumbered).
 34674 | Vaults:4 | 34674 ||| Stepping ~*~*~tactically~*~*~ (outnumbered).
 34675 | Vaults:4 | 34675 ||| Stepping ~*~*~tactically~*~*~ (outnumbered).
 34677 | Vaults:4 | 34677 ||| Stepping ~*~*~tactically~*~*~ (outnumbered).
 34678 | Vaults:4 | 34678 ||| Stepping ~*~*~tactically~*~*~ (outnumbered).
 34735 | Vaults:4 | 34735 ||| INVOKING Heroism.
 34801 | Vaults:4 | 34801 ||| Stepping ~*~*~tactically~*~*~ (outnumbered).
 34844 | Vaults:4 | Found Ubeubb's Book Shoppe.
 34879 | Vaults:4 | 34879 ||| Stepping ~*~*~tactically~*~*~ (outnumbered).
 34881 | Vaults:4 | 34881 ||| Stepping ~*~*~tactically~*~*~ (outnumbered).
 34940 | Vaults:4 | 34940 ||| Stepping ~*~*~tactically~*~*~ (outnumbered).
 34942 | Abyss:3  | Cast into level 3 of the Abyss (a wizard)
 34990 | Abyss:3  | Paralysed by you for 5 turns
 35027 | Abyss:3  | 35027 ||| INVOKING Heroism.
 35028 | Abyss:3  | 35028 ||| INVOKING Finesse.
 35112 | Abyss:3  | Paralysed by accursed screaming for 2 turns
 35119 | Abyss:3  | Paralysed by accursed screaming for 2 turns
 35122 | Abyss:3  | 35122 ||| INVOKING Heroism.
 35129 | Abyss:3  | Paralysed by accursed screaming for 1 turns
 35222 | Abyss:3  | Noticed a hellephant
 35276 | Abyss:3  | 35276 ||| Stepping ~*~*~tactically~*~*~ (outnumbered).
 35279 | Abyss:3  | 35279 ||| DRINKING potion of resistance.
 35285 | Abyss:3  | 35285 ||| INVOKING Heroism.
 35297 | Abyss:3  | Killed a hellephant
 35299 | Abyss:3  | Paralysed by accursed screaming for 1 turns
 35304 | Abyss:3  | Paralysed by accursed screaming for 1 turns
 35308 | Abyss:3  | HP: 31/158 [starcursed mass/accursed screaming (11)]
 35309 | Abyss:3  | 35309 ||| READING 13 scrolls of teleportation.
 35310 | Abyss:3  | 35310 ||| DRINKING 5 potions of heal wounds.
 35319 | Abyss:3  | HP: 39/158 [starcursed mass/accursed screaming (9)]
 35320 | Abyss:3  | 35320 ||| DRINKING 4 potions of heal wounds.
 35493 | Abyss:3  | Noticed a bone dragon
 35511 | Abyss:3  | Killed a bone dragon
 35524 | Abyss:3  | 35524 ||| Stepping ~*~*~tactically~*~*~ (outnumbered).
 35528 | Abyss:3  | 35528 ||| Stepping ~*~*~tactically~*~*~ (outnumbered).
 35618 | Vaults:4 | Escaped the Abyss
 35619 | Vaults:4 | 35619 ||| Stepping ~*~*~tactically~*~*~ (outnumbered).
 35622 | Vaults:4 | 35622 ||| Stepping ~*~*~tactically~*~*~ (outnumbered).
 35623 | Vaults:4 | 35623 ||| Stepping ~*~*~tactically~*~*~ (outnumbered).
 35638 | Vaults:4 | 35638 ||| INVOKING Heroism.
 35761 | Vaults:4 | 35761 ||| INVOKING Heroism.
 35775 | Vaults:4 | HP: 28/158 [vault guard/+2 long sword[a vault warden] (18)]
 35776 | Vaults:4 | 35776 ||| READING 12 scrolls of teleportation.
 35776 | Vaults:4 | HP: 9/158 [ironbound preserver/+2 heavy flail[a vault
                  | warden] (20)]
 35777 | Vaults:4 | 35777 ||| DRINKING 3 potions of heal wounds.
 35778 | Vaults:4 | 35778 ||| DRINKING 2 potions of heal wounds.
 35964 | Vaults:4 | Noticed Frederick
 35965 | Vaults:4 | 35965 ||| INVOKING Heroism.
 35966 | Vaults:4 | 35966 ||| INVOKING Finesse.
 35990 | Vaults:4 | Killed Frederick
 35997 | Vaults:4 | Reached skill level 22 in Fighting
 35997 | Vaults:4 | Reached XP level 21. HP: 147/166 MP: 31/31
 36137 | Vaults:4 | Noticed Zenata
 36138 | Vaults:4 | 36138 ||| INVOKING Heroism.
 36139 | Vaults:4 | 36139 ||| INVOKING Finesse.
 36151 | Vaults:4 | Killed Zenata
 36285 | Vaults:4 | 36285 ||| Stepping ~*~*~tactically~*~*~ (outnumbered).
 36286 | Vaults:4 | 36286 ||| Stepping ~*~*~tactically~*~*~ (outnumbered).
 36288 | Vaults:4 | 36288 ||| Stepping ~*~*~tactically~*~*~ (outnumbered).
 36290 | Vaults:4 | 36290 ||| Stepping ~*~*~tactically~*~*~ (outnumbered).
 36304 | Vaults:4 | Received a gift from Okawaru
 36315 | Vaults:4 | 36315 ||| FLEEEEING.
 36316 | Vaults:4 | 36316 ||| FLEEEEING.
 36317 | Vaults:4 | 36317 ||| FLEEEEING.
 36318 | Vaults:4 | 36318 ||| FLEEEEING.
 36319 | Vaults:4 | 36319 ||| FLEEEEING.
 36320 | Vaults:4 | 36320 ||| FLEEEEING.
 36321 | Vaults:4 | 36321 ||| FLEEEEING.
 36322 | Vaults:4 | 36322 ||| FLEEEEING.
 36323 | Vaults:4 | 36323 ||| FLEEEEING.
 36324 | Vaults:4 | 36324 ||| FLEEEEING.
 36325 | Vaults:4 | 36325 ||| FLEEEEING.
 36333 | Vaults:4 | 36333 ||| STAIRDANCE
 36437 | Vaults:4 | 36437 ||| STAIRDANCE
 36478 | Vaults:4 | 36478 ||| INVOKING Heroism.
 36479 | Vaults:4 | 36479 ||| INVOKING Finesse.
 36515 | Vaults:4 | Reached skill level 18 in Dodging
 36543 | Vaults:4 | 36543 ||| INVOKING Heroism.
 36594 | Vaults:4 | Paralysed by a sphinx for 3 turns
 36626 | Vaults:4 | 36626 ||| SWAPPING to +1 triple crossbow of freezing.
 36628 | Vaults:4 | 36628 ||| READING 2 scrolls of brand weapon.
 36628 | Vaults:4 | 36628 ||| BRANDING +1 triple crossbow of freezing.
 36630 | Vaults:4 | 36630 ||| READING 4 scrolls of enchant weapon.
 36630 | Vaults:4 | 36630 ||| ENCHANTING +1 heavy triple crossbow.
 36631 | Vaults:4 | 36631 ||| DROPPING +5 longbow of the Apocalypse {flame, rF+
                  | Str+3 Int+2}.
 36632 | Vaults:4 | 36632 ||| READING 3 scrolls of enchant weapon.
 36632 | Vaults:4 | 36632 ||| ENCHANTING +2 heavy triple crossbow.
 36633 | Vaults:4 | 36633 ||| READING 2 scrolls of enchant weapon.
 36633 | Vaults:4 | 36633 ||| ENCHANTING +3 heavy triple crossbow.
 36634 | Vaults:4 | 36634 ||| READING scroll of enchant weapon.
 36634 | Vaults:4 | 36634 ||| ENCHANTING +4 heavy triple crossbow.
 36916 | Vaults:4 | Noticed Margery
 36917 | Vaults:4 | 36917 ||| Stepping ~*~*~tactically~*~*~ (outnumbered).
 36919 | Vaults:4 | 36919 ||| Stepping ~*~*~tactically~*~*~ (outnumbered).
 36921 | Vaults:4 | 36921 ||| INVOKING Heroism.
 36922 | Vaults:4 | 36922 ||| INVOKING Finesse.
 36925 | Vaults:4 | Killed Margery
 36926 | Vaults:4 | 36926 ||| Stepping ~*~*~tactically~*~*~ (outnumbered).
 37162 | Vaults:4 | 37162 ||| INVOKING Heroism.
 37163 | Vaults:4 | Identified the ring of Felag {rElec EV+5 Str-4 Slay+2
                  | Stlth+}
 37188 | Vaults:4 | Identified the +0 leather armour of Ehest {rElec Regen+
                  | Int-5}
 37190 | Vaults:4 | Identified the amulet of Ifuheeth {rF- rC+ Will+ Regen+}
 37198 | Vaults:4 | Identified the +0 leather armour of the Hot Ocelot {rN+}
 37200 | Vaults:4 | 37200 ||| PLANNING SHOALS:4
 37200 | Vaults:4 | 37200 ||| UPGRADING to +2 robe of resistance.
 37210 | Vaults:4 | 37210 ||| DROPPING +0 leather armour of Ehest {rElec Regen+
                  | Int-5}.
 37211 | Vaults:4 | 37211 ||| DROPPING +0 leather armour of the Hot Ocelot
                  | {rN+}.
 37212 | Vaults:4 | 37212 ||| UPGRADING to amulet of Ifuheeth {rF- rC+ Will+
                  | Regen+}.
 37222 | Vaults:4 | 37222 ||| UPGRADING to +2 ring mail of fire resistance.
 37232 | Vaults:4 | 37232 ||| UPGRADING to ring of Felag {rElec EV+5 Str-4
                  | Slay+2 Stlth+}.
 37234 | Vaults:4 | 37234 ||| DROPPING ring "Suogh" {rPois Int+3 Dex+5}.
 37235 | Vaults:4 | 37235 ||| READING 25 scrolls of identify.
 37235 | Vaults:4 | 37235 ||| IDENTIFYING lumpy inky potion
 37236 | Vaults:4 | 37236 ||| DROPPING potion of ambrosia.
 37669 | Shoals:4 | Entered Level 4 of the Shoals
 37706 | Shoals:4 | 37706 ||| Stepping ~*~*~tactically~*~*~ (outnumbered).
 37708 | Shoals:4 | 37708 ||| Stepping ~*~*~tactically~*~*~ (outnumbered).
 37710 | Shoals:4 | 37710 ||| Stepping ~*~*~tactically~*~*~ (outnumbered).
 37711 | Shoals:4 | 37711 ||| Stepping ~*~*~tactically~*~*~ (outnumbered).
 37733 | Shoals:4 | Identified the +1 pair of boots "Hetia" {Rampage Will+}
                  | (Okawaru gifted it to you on level 4 of the Shoals)
 37733 | Shoals:4 | Received a gift from Okawaru
 37760 | Shoals:4 | 37760 ||| INVOKING Heroism.
 37762 | Shoals:4 | 37762 ||| INVOKING Finesse.
 37771 | Shoals:4 | 37771 ||| Stepping ~*~*~tactically~*~*~ (outnumbered).
 37800 | Shoals:4 | Identified the +1 pair of gloves of Demons {rElec rN+
                  | Regen+}
 37800 | Shoals:4 | Noticed Nikola
 37813 | Shoals:4 | 37813 ||| DROPPING +1 pair of boots "Hetia" {Rampage
                  | Will+}.
 37819 | Shoals:4 | Killed Nikola
 37820 | Shoals:4 | Reached skill level 21 in Ranged Weapons
 37833 | Shoals:4 | 37833 ||| INVOKING Heroism.
 37834 | Shoals:4 | 37834 ||| INVOKING Finesse.
 37865 | Shoals:4 | Got a barnacled rune of Zot
 37871 | Shoals:4 | Identified the amulet of Dishonesty {Faith Contam +Inv rF++
                  | Int+3}
 37873 | Shoals:4 | Identified the staff of the Lettuce {rF+ Int+4 Fire}
 38018 | Shoals:4 | Found a shimmering blue altar of Sif Muna.
 38038 | Shoals:4 | Identified the +7 bardiche "Haulomn" {freeze, Fly rF+
                  | Int+2}
 38050 | Shoals:4 | 38050 ||| INVOKING Heroism.
 38148 | Shoals:4 | 38148 ||| INVOKING Heroism.
 38218 | Shoals:4 | Found a sacrificial altar of Ru.
 38243 | Shoals:4 | Paralysed by an air elemental for 1 turns
 38245 | Shoals:4 | Paralysed by an air elemental for 1 turns
 38379 | Shoals:4 | 38379 ||| PLANNING DEPTHS
 38379 | Shoals:4 | 38379 ||| UPGRADING to +1 pair of gloves of Demons {rElec
                  | rN+ Regen+}.
 38389 | Shoals:4 | 38389 ||| DROPPING +0 pair of gloves "Tyracs" {rC- MP+9
                  | Str+2 Dex+4}.
 38390 | Shoals:4 | 38390 ||| UPGRADING to amulet of Dishonesty {Faith Contam
                  | +Inv rF++ Int+3}.
 38400 | Shoals:4 | 38400 ||| UPGRADING to +0 troll leather armour.
 38410 | Shoals:4 | 38410 ||| DROPPING amulet of faith.
 38709 | Depths:1 | Entered Level 1 of the Depths
 38775 | Depths:1 | 38775 ||| INVOKING Heroism.
 38784 | Depths:1 | Found a one-way gateway to a ziggurat.
 38817 | Depths:1 | Reached XP level 22. HP: 171/171 MP: 32/32
 38865 | Depths:1 | Found a snail-covered altar of Cheibriados.
 38977 | Depths:1 | 38977 ||| FLEEEEING.
 39125 | Depths:1 | Found a gateway to Hell.
 39410 | Depths:2 | 39410 ||| Stepping ~*~*~tactically~*~*~ (outnumbered).
 39412 | Depths:2 | 39412 ||| Stepping ~*~*~tactically~*~*~ (outnumbered).
 39558 | Depths:2 | 39558 ||| Stepping ~*~*~tactically~*~*~ (outnumbered).
 39560 | Depths:2 | 39560 ||| Stepping ~*~*~tactically~*~*~ (outnumbered).
 39562 | Depths:2 | 39562 ||| Stepping ~*~*~tactically~*~*~ (outnumbered).
 39564 | Depths:2 | 39564 ||| Stepping ~*~*~tactically~*~*~ (outnumbered).
 39565 | Depths:2 | 39565 ||| INVOKING Heroism.
 39579 | Depths:2 | Noticed a golden dragon
 39585 | Depths:2 | 39585 ||| INVOKING Heroism.
 39587 | Depths:2 | Noticed a golden dragon
 39589 | Depths:2 | Killed a golden dragon
 39590 | Depths:2 | 39590 ||| INVOKING Finesse.
 39598 | Depths:2 | Killed a golden dragon
 39599 | Depths:2 | Reached skill level 23 in Fighting
 39680 | Depths:2 | 39680 ||| INVOKING Heroism.
 39681 | Depths:2 | 39681 ||| INVOKING Finesse.
 39682 | Depths:2 | 39682 ||| INVOKING Finesse.
 39684 | Depths:2 | 39684 ||| INVOKING Finesse.
 39741 | Depths:2 | Found a one-way gate to the infinite horrors of the Abyss.
 39742 | Depths:2 | 39742 ||| INVOKING Finesse.
 39824 | Depths:2 | 39824 ||| INVOKING Heroism.
 40187 | Depths:2 | 40187 ||| INVOKING Heroism.
 40188 | Depths:2 | 40188 ||| INVOKING Finesse.
 40644 | Depths:2 | 40644 ||| FLEEEEING.
 40667 | Depths:2 | 40667 ||| INVOKING Heroism.
 40829 | Depths:3 | 40829 ||| INVOKING Heroism.
 40830 | Depths:3 | Identified the +8 great sword of the Unseen Realm {holy,
                  | rElec rF++ rN+ Int-4} (Okawaru gifted it to you on level 3
                  | of the Depths)
 40830 | Depths:3 | Received a gift from Okawaru
 40831 | Depths:3 | 40831 ||| INVOKING Finesse.
 40836 | Depths:3 | Reached skill level 24 in Fighting
 40980 | Depths:3 | Identified the +2 robe of Privacy {Will++ Archmagi}
 40994 | Depths:3 | 40994 ||| INVOKING Finesse.
 40999 | Depths:3 | 40999 ||| INVOKING Heroism.
 41007 | Depths:3 | Paralysed by a sphinx for 3 turns
 41017 | Depths:3 | 41017 ||| DRINKING 17 potions of curing.
 41017 | Depths:3 | 41017 ||| (to cure confusion)
 41025 | Depths:3 | Reached skill level 15 in Armour
 41028 | Depths:3 | 41028 ||| INVOKING Heroism.
 41179 | Depths:3 | Reached XP level 23. HP: 183/183 MP: 33/33
 41255 | Depths:3 | 41255 ||| INVOKING Finesse.
 41455 | Depths:3 | 41455 ||| DROPPING +1 pair of boots.
 41490 | Depths:4 | Entered Level 4 of the Depths
 41494 | Depths:4 | 41494 ||| INVOKING Heroism.
 41495 | Depths:4 | 41495 ||| INVOKING Finesse.
 41548 | Depths:4 | 41548 ||| INVOKING Heroism.
 41557 | Depths:4 | HP: 32/184 [spriggan berserker/+0 war axe (23)]
 41557 | Depths:4 | HP: 8/184 [spriggan berserker/+0 war axe (24)]
 41558 | Depths:4 | 41558 ||| READING 11 scrolls of teleportation.
 41558 | Depths:4 | HP: 2/184 [spriggan berserker/+0 war axe (8)]
 41558 | Depths:4 | Killed from afar by a spriggan air mage

Levels and vault maps discovered:
D:1:      wander_arrival_peaceful_grave, layout_loops_ring, serial_shops,
          nicolae_shop_industrial_runoff, nicolae_shop_back_alley_shop,
          nicolae_shop_tiny_waterfront, shop,
          nicolae_shop_temple_entry_statues_fountains
D:2:      layout_loops_ring, nicolae_ecumenical_lake_church,
          uniq_crazy_yiuf_cottage
D:3:      layout_basic, lemuel_zombie_altar_kikubaaqudgha, marbit_many_paths,
          kennysheep_cluttered_room
D:4:      layout_loops_ring, okawaru_altar_gauntlet_db, dk_noncrumbling_3,
          uniq_sigmund, uniq_duvessa, uniq_menkaure
D:5:      layout_loops_ring, mainiacjoe_overflow_six_doors_small,
          grunt_qazlal_sundering, kennysheep_generic_room_9
D:6:      layout_basic, xom_redecorated, portal_sewer_entry_b
D:7:      layout_loops_ring, lemuel_crystal_altar, minmay_temple_entry_junction
D:8:      kennysheep_kobold_camp, layout_loops_ring, minmay_lair_entry_grove,
          nicolae_sextant, uniq_pikel, uniq_psyche
D:9:      layout_loops_ring, old_standard_altar, uniq_harold
D:10:     layout_roguey
D:11:     minmay_gate_of_8, layout_loops_ring, david_orc_4,
          nicolae_trove_entry_crystal, portal_ice_cave_entry_imps,
          minmay_increasing_density
D:12:     layout_loops_cross
D:13:     lemuel_ice_spiral_1, layout_basic, gauntlet_entry_generic,
          hangedman_glass_teeth, kennysheep_flooded_box, uniq_frances,
          uniq_erolcha
D:14:     layout_basic, david_vaults_1, gammafunk_ghost_wrathful_warriors
D:15:     grunt_enter_depths_snipers, layout_basic, minmay_misc_feat_iff,
          uniq_roxanne, uniq_josephine
Lair:1:   layout_loops_ring, fungi_pond_lemuel, beast_lair_carwin_6,
          serial_bayou_shore_b, uniq_fannar
Lair:2:   layout_concentric_octagons, minmay_shoals_entry_centaurs, st_stairs_4,
          wad_woods_03
Lair:3:   layout_regular_city, nicolae_snake_entry_squirm, serial_bayou_shore_a,
          lemuel_fruit_fields, grunt_megastairs_4
Lair:4:   layout_loops_ring, minmay_slime_entry_jelly_boxes,
          bobbens_dragon_lair_wall
Lair:5:   grunt_lair_end_beastmaster, layout_hall_layers,
          infiniplex_staircase_pool_2
Shoals:1: layout_shoals
Shoals:2: layout_shoals
Shoals:3: layout_shoals
Shoals:4: shoals_end_hellmonk_storm_palace [storm_palace_center_ruins,
          storm_palace_corner_narrow, storm_palace_corner_altar,
          storm_palace_corner_altar, storm_palace_corner_pillars], uniq_nikola
Snake:1:  layout_layer_cave, nicolae_snake_shapes
Snake:2:  layout_basic
Snake:3:  layout_basic, serial_shops, shop, st_stairs_14
Snake:4:  grunt_snake_rune_spirals, layout_onion, serial_shops, shop,
          basic_altar, guppyfry_library_mini
Orc:1:    layout_caves
Orc:2:    pf_orc_diabolical, layout_caves, elf_legates
Vaults:1: nicolae_vaults_heist, vaults_room_grunt_arrival_checkpoint, v_misc_28,
          v_alt_pattern_2, nicolae_vaults_trapezoid_lopsided_1,
          layout_vaults_quadrants, serial_shops,
          nicolae_shop_bloodbath_and_beyond
Vaults:2: v_pattern_2, hangedman_vaults_nodes, ontoclasm_vaults_eye,
          nicolae_vaults_big_angled_halls, v_alt_pattern_1,
          nicolae_vaults_yaktaur_gun_rack, st_lines,
          nicolae_vaults_ring_of_whatevers, hangedman_vaults_nails,
          nicolae_vaults_trapezoid_1, v_misc_33, layout_vaults_omnibox
Vaults:3: nicolae_vaults_storage_room_glass, nicolae_vaults_house_3,
          nicolae_vaults_closet_pinwheel_5, nicolae_vaults_layer_cake_slice,
          st_cross, minmay_crypt_entry_necro_gods, nicolae_vaults_trapezoid_4,
          nicolae_vaults_closet_pinwheel_3, vaults_room_grid,
          nicolae_vaults_spaceships, v_misc_27, ontoclasm_vaults_claustrophobia,
          nicolae_vaults_hexular_roomagon, layout_vaults_maze_snakey,
          uniq_saint_roka, uniq_donald
Vaults:4: nicolae_vaults_ellipses_ellipsis, v_misc_17,
          nicolae_vaults_border_crossing, nicolae_vaults_stairing_the_circle,
          nicolae_vaults_circle_grid_a, nicolae_vaults_specimen_jars,
          vaults_mumra_lcd, nicolae_vaults_storage_closets_2,
          nicolae_vaults_storing_the_good_stuff, nicolae_vaults_two_Ls,
          hangedman_vaults_nails, nicolae_vaults_tetromino_T_1,
          layout_vaults_big_room, serial_shops, shop, uniq_frederick,
          uniq_zenata, uniq_margery
Depths:1: layout_small_grid, enter_ziggurat_c, hangedman_tar_grid_catacomb,
          cheibriados_altar_1, minmay_misc_feat_square,
          hangedman_decor_riveting, item_on_display_a
Depths:2: grunt_deathspiral_large, layout_gridlike,
          chequers_serial_rivers_micro_a, pan_entry, abyss_entry, hell_entry,
          serial_bayou_shore_b
Depths:3: kennysheep_ambush_hall, layout_cave_pools, grunt_decor_resistance,
          minmay_room_of_horrors, hell_entry, minmay_staircase_bubble
Depths:4: grunt_zot_entry_hairpin, layout_cross, hangedman_abyss_entry_splay,
          chequers_serial_rivers_large_a, grunt_hell_horde, serial_bayou_shore_b

Skill      XL: |  1  2  3  4  5  6  7  8  9 10 11 12 13 14 15 16 17 18 19 20 21 22 |
---------------+-------------------------------------------------------------------+-----
Ranged Weapons | 3 4 5 6 7 9 10 12 14 15 17 18 19 20 21 22 | 22.0
Fighting       | 2 3 4 6 7 8 9 10 11 12 13 15 17 19 20 22 24 | 24.6
Armour         | 3 5 6 7 9 10 11 12 13 15 | 15.0
Dodging        | 2 4 5 6 9 10 11 13 14 16 17 18 | 18.0
Invocations    | 4 7 10 | 10.0
Spellcasting   | |  1.0
Hexes          | |  2.6

Action                     |  1- 3 |  4- 6 |  7- 9 | 10-12 | 13-15 | 16-18 | 19-21 | 22-24 || total
---------------------------+-------+-------+-------+-------+-------+-------+-------+-------++-------
   Fire: Sling             |    42 |       |       |       |       |       |       |       ||    42
         Arbalest          |    40 |    79 |   392 |   519 |   279 |       |       |       ||  1309
         Longbow           |       |       |       |       |   694 |  1452 |  1377 |       ||  3523
         Triple crossbow   |       |       |       |       |       |       |   221 |   421 ||   642
 Invoke: Heroism           |       |       |     5 |    18 |    25 |    40 |    28 |    11 ||   127
         Finesse           |       |       |       |     2 |     7 |     3 |    12 |     8 ||    32
    Use: Scroll            |     6 |     3 |     9 |     5 |     5 |     4 |     9 |     1 ||    42
         Potion            |       |       |     1 |     2 |     1 |       |     9 |     1 ||    14
 Armour: Robe              |     9 |       |       |       |       |       |       |       ||     9
         Leather armour    |     2 |    10 |       |       |       |       |       |       ||    12
         Ring mail         |       |     2 |   162 |   206 |    89 |       |    34 |       ||   493
         Troll leather arm |       |       |       |       |    24 |   131 |   245 |   184 ||   584
  Dodge: Dodged            |    23 |    29 |   214 |   464 |   394 |   522 |  1366 |   850 ||  3862
  Block: Other             |       |       |    66 |   125 |    96 |    98 |   229 |       ||   614
         Reflection        |       |       |     1 |     3 |     7 |    15 |    16 |       ||    42

Table legend:
 A = Non-vault XP
 B = Vault XP
 C = Vault XP percentage of total XP
 D = Non-vault monster count
 E = Vault monster count
 F = Vault count percentage of total count
                 A         B        C        D         E       F
            +---------+---------+-------+---------+---------+-------
      Total |  433392 |  294331 |  40.4 |    1025 |     623 |  37.8
            +---------+---------+-------+---------+---------+-------
        D:1 |      25 |       0 |   0.0 |      14 |       0 |   0.0
        D:2 |      49 |       0 |   0.0 |      14 |       0 |   0.0
        D:3 |     191 |       4 |   2.1 |      27 |       3 |  10.0
        D:4 |     742 |     639 |  46.3 |      23 |      10 |  30.3
        D:5 |     441 |      14 |   3.1 |      12 |       1 |   7.7
        D:6 |    1324 |      24 |   1.8 |      19 |       6 |  24.0
        D:7 |     850 |       0 |   0.0 |      17 |       0 |   0.0
        D:8 |    1642 |    3227 |  66.3 |      36 |      35 |  49.3
        D:9 |    2758 |     871 |  24.0 |      25 |       1 |   3.8
       D:10 |    2473 |       0 |   0.0 |      16 |       0 |   0.0
       D:11 |    2221 |    2801 |  55.8 |       7 |      33 |  82.5
       D:12 |    8229 |       0 |   0.0 |      16 |       0 |   0.0
       D:13 |    6113 |    3449 |  36.1 |      18 |      10 |  35.7
       D:14 |    5804 |    1479 |  20.3 |       9 |       2 |  18.2
       D:15 |   13819 |    5774 |  29.5 |      28 |       9 |  24.3
     Lair:1 |    9401 |    2091 |  18.2 |      29 |       8 |  21.6
     Lair:2 |    8275 |    2033 |  19.7 |      27 |      10 |  27.0
     Lair:3 |    5474 |    2821 |  34.0 |      24 |      12 |  33.3
     Lair:4 |    3487 |    4041 |  53.7 |       9 |      25 |  73.5
     Lair:5 |   14977 |    7603 |  33.7 |      36 |      15 |  29.4
   Shoals:1 |   12319 |       0 |   0.0 |      25 |       0 |   0.0
   Shoals:2 |    3857 |       0 |   0.0 |       8 |       0 |   0.0
   Shoals:3 |    3597 |       0 |   0.0 |      11 |       0 |   0.0
   Shoals:4 |   12888 |   26439 |  67.2 |      28 |      51 |  64.6
    Snake:1 |   16191 |    4836 |  23.0 |      33 |       8 |  19.5
    Snake:2 |   30203 |    1154 |   3.7 |      55 |       2 |   3.5
    Snake:3 |   21608 |       0 |   0.0 |      47 |       0 |   0.0
    Snake:4 |   14364 |   41377 |  74.2 |      30 |      52 |  63.4
      Orc:1 |    3813 |       0 |   0.0 |      17 |       0 |   0.0
      Orc:2 |    1660 |   20798 |  92.6 |      36 |      70 |  66.0
   Vaults:1 |   22852 |   16829 |  42.4 |      31 |      20 |  39.2
   Vaults:2 |   20172 |   23232 |  53.5 |      30 |      38 |  55.9
   Vaults:3 |   18742 |   18261 |  49.4 |      26 |      32 |  55.2
   Vaults:4 |   40868 |   47593 |  53.8 |      59 |      52 |  46.8
   Depths:1 |   17521 |       0 |   0.0 |      19 |       0 |   0.0
   Depths:2 |   41260 |   31021 |  42.9 |      54 |      32 |  37.2
   Depths:3 |   29962 |   11107 |  27.0 |      37 |      23 |  38.3
   Depths:4 |    9315 |       0 |   0.0 |      10 |       0 |   0.0
    Abyss:1 |    4288 |       0 |   0.0 |      13 |       0 |   0.0
    Abyss:3 |   19165 |   10601 |  35.6 |      48 |      15 |  23.8
      Sewer |       0 |     173 | 100.0 |       0 |      39 | 100.0
   Gauntlet |     452 |    4039 |  89.9 |       2 |       9 |  81.8
            +---------+---------+-------+---------+---------+-------
